 Dungeon Crawl Stone Soup version 0.24-a0-535-gbb0d440 (webtiles) character file.

Game seed: 12948819251051154477

804965 packetloss the Impregnable (level 27, -1/188 HPs)
             Began as a Gargoyle Earth Elementalist on Aug 6, 2019.
             Was the Champion of the Shining One.
             Slain by a tentacled monstrosity (2 damage)
             ... on level 1 of the Realm of Zot on Aug 9, 2019.
             The game lasted 10:44:23 (95115 turns).

packetloss the Impregnable (GrEE)                  Turns: 95115, Time: 10:44:23

Health: -1/188     AC: 62    Str: 19    XL:     27
Magic:  40/43      EV: 15    Int: 31    God:    the Shining One [******]
Gold:   3433       SH: 23    Dex: 11    Spells: 12/59 levels left

rFire    + + +     SeeInvis +   v - +13 Maxwell's thermic engine {flame, freeze}
rCold    + . .     Gourm    .   m - +1 shield {reflect}
rNeg     + + +     Faith    .   Q - +8 fire dragon scales
rPois    ∞         Spirit   .   w - +2 helmet
rElec    +         Reflect  +   g - +1 cloak of Plasticity {Regen+ rCorr Dex-4 SInv}
rCorr    +         Harm     .   p - +2 pair of gloves
MR       +++..                  X - +5 pair of boots of Sorcery {Str+2}
Stlth    ..........             D - brooch of Shielding {Reflect SH+8}
HPRegen  0.81/turn              S - ring "Nipnakh" {rF+ rN+ MR+ Int+7}
MPRegen  0.28/turn              B - ring of Doty {rC++ EV+2 Dex+5}

@: flying, glowing, constricted
A: big wings, blurry vision 1, fire resistance 1, negative energy resistance 1,
electricity resistance, unbreathing, petrification resistance, rot immunity,
subdued magic 1, AC +20
}: 5/15 runes: decaying, slimy, silver, abyssal, gossamer
a: Stop Flying, Divine Shield, Cleansing Flame, Summon Divine Warrior, Brand
Weapon With Holy Wrath, Renounce Religion


You were on level 1 of the Realm of Zot.
You worshipped the Shining One.
The Shining One was exalted by your worship.
You were not hungry.

You visited 18 branches of the dungeon, and saw 81 of its levels.
You visited the Abyss 1 time.
You visited 1 ziggurat, and saw 13 of its levels.
You also visited: Trove and Volcano.

You collected 13544 gold pieces.
You spent 10111 gold pieces at shops.

Inventory:

Hand Weapons
 i - the +8 great mace "Yseudawa" {crush, +Fly rC- MR+}
   (You bought it in a shop on level 2 of the Elven Halls)

   It inflicts extra damage upon your enemies.
   It makes you vulnerable to cold.
   It affects your resistance to hostile enchantments.
   It lets you fly.
 v - the +13 Maxwell's thermic engine (weapon) {flame, freeze}
   (You bought it in a shop on level 4 of the Vaults)

   It has been specially enchanted to burn those struck by it, causing extra
   injury to most foes and up to half again as much damage against particularly
   susceptible opponents.
   Big, fiery blades are also staple armaments of hydra-hunters.
   It has been specially enchanted to freeze those struck by it, causing extra
   injury to most foes and up to half again as much damage against particularly
   susceptible opponents.
 M - the +7 morningstar "Vuvo" {freeze, +Rage}
   (You took it off a deep elf demonologist on level 3 of the Elven Halls)

   It has been specially enchanted to freeze those struck by it, causing extra
   injury to most foes and up to half again as much damage against particularly
   susceptible opponents.
   It can also slow down cold-blooded creatures.
   It lets you go berserk.
Armour
 g - the +1 cloak of Plasticity (worn) {Regen+ rCorr Dex-4 SInv}
   (You bought it in a shop on level 9 of the Dungeon)

   It affects your dexterity (-4).
   It lets you see invisible.
   It increases your rate of regeneration.
   It provides partial protection from all sources of acid and corrosion.
 h - the cursed +1 hat "Fuopein" {rPois rC+ Str+5}
   (You acquired it on level 4 of a ziggurat)

   It affects your strength (+5).
   It protects you from cold.
   It protects you from poison.
   It has a curse placed upon it.
 m - a +1 shield of reflection (worn)
   (You took it off a vault guard on level 14 of the Dungeon)
 n - a +2 cloak of magic resistance
   (You took it off Nikola on level 3 of the Swamp)
 p - a +2 pair of gloves (worn)
   (You found it on level 15 of the Dungeon)
 s - a cursed scarf of resistance
   (You acquired it on level 5 of the Depths)
 w - a +2 helmet (worn)
   (You bought it in a shop on level 10 of the Dungeon)
 x - a scarf of cloud immunity
   (You found it on level 3 of the Elven Halls)
 Q - +8 fire dragon scales (worn)
   (You found it on level 3 of the Depths)
 X - the +5 pair of boots of Sorcery (worn) {Str+2}
   (You found it on level 15 of the Dungeon)

   It affects your strength (+2).
Jewellery
 e - the ring of Vegh {rElec rCorr Stlth+}
   (You found it on level 3 of the Lair of Beasts)

   [ring of resist corrosion]

   It insulates you from electricity.
   It provides partial protection from all sources of acid and corrosion.
   It makes you more stealthy.
 q - the ring "Poskesmi" {rC+ MP+9 Str+3}
   (You found it in a treasure trove)

   [ring of magical power]

   It affects your strength (+3).
   It protects you from cold.
   It affects your magic capacity (+9).
 r - the amulet "Vacoqe" {Acrobat rN+ MR++}
   (You found it in a treasure trove)

   [amulet of the acrobat]

   It helps you evade while moving and waiting.
   It protects you from negative energy.
   It affects your resistance to hostile enchantments.
 t - the cursed ring of Liberty {MR++ Int+4 Stlth+}
   (You found it in a treasure trove)

   [ring of intelligence]

   It affects your intelligence (+4).
   It affects your resistance to hostile enchantments.
   It makes you more stealthy.
   It has a curse placed upon it.
 A - the ring of Doubts {rElec rPois rF+++ Int-5 Stlth+}
   (You found it in a treasure trove)

   [ring of stealth]

   It affects your intelligence (-5).
   It renders you almost immune to fire.
   It insulates you from electricity.
   It protects you from poison.
   It makes you more stealthy.
 B - the ring of Doty (right hand) {rC++ EV+2 Dex+5}
   (You found it on level 1 of the Swamp)

   [ring of evasion]

   It affects your evasion (+2).
   It affects your dexterity (+5).
   It greatly protects you from cold.
 D - the brooch of Shielding (around neck) {Reflect SH+8}
   (You bought it in a shop on level 3 of the Depths)

   [amulet of reflection]

   It shields you and reflects attacks.
   It affects your SH (+8).
 S - the ring "Nipnakh" (left hand) {rF+ rN+ MR+ Int+7}
   (You found it on level 1 of the Swamp)

   [ring of protection from fire]

   It affects your intelligence (+7).
   It protects you from fire.
   It protects you from negative energy.
   It affects your resistance to hostile enchantments.
Wands
 l - a wand of digging (2)
   (You found it on level 10 of the Dungeon)
 u - a wand of scattershot (12)
   (You took it off an orc wizard on level 9 of the Dungeon)
 L - a wand of iceblast (51)
   (You found it on level 3 of the Lair of Beasts)
 O - a wand of enslavement (10)
   (You found it on level 1 of the Realm of Zot)
 R - a wand of flame (1)
   (You took it off a crimson imp on level 6 of the Dungeon)
 U - a wand of acid (42)
   (You found it on level 8 of the Dungeon)
Scrolls
 b - 2 scrolls of amnesia
 j - 13 scrolls of magic mapping {!r}
 o - 33 scrolls of teleportation
 y - 4 scrolls of blinking {!r}
 E - 25 scrolls of remove curse
 I - 10 scrolls of fog
 K - 40 scrolls of identify
 T - a scroll of enchant armour
Potions
 a - 6 potions of magic
 z - 8 potions of brilliance
 C - 3 potions of cancellation
 F - 8 potions of haste
 G - 14 potions of curing
 H - 5 potions of invisibility
 V - a potion of berserk rage {!q}
 Y - 5 potions of agility
Miscellaneous
 f - 3 boxes of beasts
 k - the horn of Geryon
   (You took it off Geryon in the Vestibule of Hell)
 N - 8 sacks of spiders
 P - a lamp of fire
   (You found it on level 12 of the Dungeon)
 W - 5 phantom mirrors
 Z - a lightning rod (4/4)
   (You found it on level 2 of the Lair of Beasts)
Comestibles
 d - 27 rations


   Skills:
 + Level 23.0(19.0) Fighting
 + Level 17.8(13.8) Long Blades
 - Level 7.5(3.7) Maces & Flails
 - Level 25.3(21.3) Armour
 + Level 18.1(14.1) Dodging
 - Level 3.5(1.7) Stealth
 + Level 19.6(15.6) Shields
 - Level 16.8(12.8) Spellcasting
 - Level 4.4(2.2) Conjurations
 - Level 8.4(4.4) Charms
   Level 2.9(1.4) Necromancy
 - Level 5.7(2.8) Transmutations
 - Level 6.8(3.4) Air Magic
 - Level 19.3(15.3) Earth Magic
 - Level 2.2(1.1) Poison Magic
 + Level 14.2(10.2) Invocations
 - Level 9.0(5.0) Evocations


You had 12 spell levels left.
You knew the following spells:

 Your Spells              Type           Power        Failure   Level  Hunger
a - Sandblast             Erth           ######       0%          1    None
b - Spider Form           Tmut/Pois      ###.......   5%          3    None
c - Petrify               Tmut/Erth      ######..     1%          4    None
d - Iron Shot             Conj/Erth      ######....   19%         6    ####...
e - Leda's Liquefaction   Hex/Erth       ######....   1%          4    None
f - Conjure Flame         Conj/Fire      ###.....     8%          3    None
g - Deflect Missiles      Chrm/Air       ####......   80%         6    ####...
h - Alistair's Intoxicat  Tmut/Pois      ###.....     47%         5    #......
s - Sticks to Snakes      Tmut           ####....     1%          2    None
w - Passwall              Tmut/Erth      ######..     1%          2    None
x - Stone Arrow           Conj/Erth      ######       1%          3    None
z - Lee's Rapid Deconstr  Erth           ######....   1%          5    #......
B - Summon Butterflies    Summ           ###.....     3%          1    None
S - Song of Slaying       Chrm           #####...     1%          2    None

Your spell library contained the following spells:

 Spells                   Type           Power        Failure   Level  Hunger
 Animate Skeleton         Necr           N/A          1%          1    None
 Beastly Appendage        Tmut           ####..       1%          1    None
 Infusion                 Chrm           ####         1%          1    None
 Magic Dart               Conj           ####         1%          1    None
 Pain                     Necr           ###.         1%          1    None
 Swiftness                Chrm/Air       ####....     1%          2    None
 Poisonous Vapours        Pois/Air       ####..       2%          2    None
 Shroud of Golubria       Chrm/Tloc      ####..       2%          2    None
 Apportation              Tloc           ###...       3%          1    None
 Confusing Touch          Hex            ###...       3%          1    None
 Corona                   Hex            ###....      3%          1    None
 Freeze                   Ice            ###.         3%          1    None
 Summon Small Mammal      Summ           ###.         3%          1    None
 Corpse Rot               Necr           N/A          3%          2    None
 Throw Frost              Conj/Ice       ###...       3%          2    None
 Regeneration             Chrm/Necr      ####......   3%          3    None
 Static Discharge         Conj/Air       ####....     3%          3    None
 Borgnjor's Vile Clutch   Necr/Erth      ######....   3%          5    #......
 Mephitic Cloud           Conj/Pois/Air  ####....     4%          3    None
 Ozocubu's Armour         Chrm/Ice       ####....     4%          3    None
 Spectral Weapon          Hex/Chrm       ####....     4%          3    None
 Blink                    Tloc           N/A          6%          2    None
 Call Imp                 Summ           ###.....     6%          2    None
 Ensorcelled Hibernation  Hex/Ice        ###...       6%          2    None
 Slow                     Hex            ###.....     6%          2    None
 Ignite Poison            Fire/Tmut/Pois ###.....     7%          3    None
 Vampiric Draining        Necr           ###.......   7%          3    None
 Dazzling Spray           Conj/Hex       ###...       8%          3    None
 Bolt of Magma            Conj/Fire/Erth #####.....   11%         5    #......
 Call Canine Familiar     Summ           ###.....     13%         3    None
 Confuse                  Hex            ###.....     13%         3    None
 Gell's Gravitas          Tloc           ###.......   13%         3    None
 Inner Flame              Hex/Fire       ###.....     13%         3    None
 Lesser Beckoning         Tloc           ###.......   13%         3    None
 Portal Projectile        Hex/Tloc       ###...       13%         3    None
 Recall                   Summ/Tloc      N/A          13%         3    None
 Summon Guardian Golem    Hex/Summ       ###.....     13%         3    None
 Tukima's Dance           Hex            ###.....     13%         3    None
 Summon Lightning Spire   Summ/Air       ###.....     21%         4    None
 Animate Dead             Necr           N/A          22%         4    None
 Ice Form                 Ice/Tmut       ###.....     24%         4    None
 Force Lance              Conj/Tloc      ###.....     28%         4    None
 Throw Icicle             Conj/Ice       ###.....     28%         4    None
 Iskenderun's Battlesphe  Conj/Chrm      ####....     30%         5    #......
 Excruciating Wounds      Chrm/Necr      ####......   34%         5    #......
 Blade Hands              Tmut           ####......   36%         5    #......
 Lightning Bolt           Conj/Air       ####......   36%         5    #......
 Cause Fear               Hex            ###.......   41%         4    None
 Summon Ice Beast         Ice/Summ       ###.....     41%         4    None
 Bolt of Draining         Conj/Necr      ###.......   50%         5    #......
 Silence                  Hex/Air        ###.......   52%         5    #......
 Venom Bolt               Conj/Pois      ###.......   52%         5    #......
 Agony                    Necr           ###.....     54%         5    #......
 Dispel Undead            Necr           ###.....     54%         5    #......
 Yara's Violent Unravell  Hex/Tmut       ###.......   56%         5    #......
 Aura of Abjuration       Summ           ###.......   77%         5    #......
 Metabolic Englaciation   Hex/Ice        ###.......   77%         5    #......
 Summon Demon             Summ           ###.......   77%         5    #......
 Summon Forest            Summ/Tloc      ###.......   77%         5    #......
 Summon Mana Viper        Hex/Summ       ###.....     77%         5    #......
 Conjure Ball Lightning   Conj/Air       ####......   92%         6    ####...
 Death Channel            Necr           ###.......   98%         6    ####...
 Dispersal                Tloc           ###.......   100%        6    ####...
 Invisibility             Hex            ###.....     100%        6    ####...
 Shadow Creatures         Summ           N/A          100%        6    ####...
 Orb of Destruction       Conj           ####......   100%        7    ######.
 Spellforged Servitor     Conj/Summ      ###.......   100%        7    ######.
 Summon Hydra             Summ           ###.......   100%        7    ######.
 Death's Door             Chrm/Necr      ####......   100%        8    #######
 Ignition                 Fire           ###.......   100%        8    #######
 Shatter                  Erth           ######....   100%        9    #######
 Tornado                  Air            ####......   100%        9    #######
 Sublimation of Blood     Necr           Unusable     N/A         2    N/A
 Statue Form              Tmut/Erth      Unusable     N/A         6    N/A

Dungeon Overview and Level Annotations

Branches:
Dungeon (15/15)            Temple (1/1) D:4            Lair (6/6) D:11
  Swamp (4/4) Lair:2       Spider (4/4) Lair:2        Slime (5/5) Lair:6
    Orc (2/2) D:9             Elf (3/3) Orc:2        Vaults (5/5) D:14
  Crypt (3/3) Vaults:2       Tomb (2/3) Crypt:3      Depths (5/5) D:15
   Hell (1/1)                 Dis (5/7) Hell            Geh (7/7) Hell
    Coc (3/7) Hell            Tar (7/7) Hell            Zot (3/5) Depths:5

Altars:
Ashenzari
Cheibriados
Dithmenos
Elyvilon
Fedhas
Gozag
Hepliaklqana
Kikubaaqudgha
Makhleb
Nemelex Xobeh
Okawaru
Qazlal
Ru
Sif Muna
Trog
Uskayaw
Vehumet
Wu Jian
Xom
Yredelemnul
Zin
The Shining One
Beogh
Jiyva
Lugonu

Shops:
D:9 ([   D:10 [   D:11 :   Orc:2 ?(!!   Elf:2 (   Elf:3 }}=   Vaults:1 *
Vaults:2 :   Vaults:3 (   Vaults:4 ([(*   Depths:1 (*   Depths:3 =
Depths:4 (*[!%

Portals:
Hell: Depths:1 Depths:2 Depths:3 Depths:4 Depths:5
Abyss: Depths:4
Pandemonium: Depths:1 Depths:3

Annotations:
D:3 Sigmund
D:12 exclusion: upstairs
Swamp:4 Lernaean hydra
Slime:5 exclusion: azure jelly
Elf:2 3 runed translucent doors, exclusion: 3 doors
Tar:3 9 runed doors
Zot:1 1 transporter


Innate Abilities, Weirdness & Mutations

You are resistant to torment.
Your stone body is resilient. (AC +20)
You are immune to poison.
Your large and strong wings let you fly indefinitely.
You resist negative energy. (rN+)
You are resistant to electric shocks. (rElec)
You can survive without breathing.
You are immune to petrification.
You are immune to rotting.
Scrolls take you a little longer to read.
Your flesh is heat resistant. (rF+)
Your spells are a little easier to cast, but a little less powerful.


Message History

Unknown command.
Danger x5: storm dragon (berserk), moth of wrath (fleeing), tentacled monstrosity x2, quicksilver dragon (berserk)!
You slice the tentacled monstrosity!! You burn the tentacled monstrosity.
You freeze the tentacled monstrosity.
You block the quicksilver dragon's attack.
The quicksilver dragon claws you but does no damage.
You block the white draconian's attack. You block the storm dragon's attack.
The storm dragon claws you but does no damage.
The storm dragon barely misses you.
You block the quicksilver dragon's attack.
The quicksilver dragon closely misses you.
The tentacled monstrosity closely misses you.
You riposte.
You hit the tentacled monstrosity but do no damage.
The tentacled monstrosity tentacle-slaps you but does no damage.
The tentacled monstrosity closely misses you.
The tentacled monstrosity tentacle-slaps you but does no damage. x2
The tentacled monstrosity barely misses you.
The tentacled monstrosity constricts you.
Danger x5: storm dragon (berserk), moth of wrath (fleeing), tentacled monstrosity x2, quicksilver dragon (berserk)!
You take 5 damage, and have 79/188 hp.
You slice the tentacled monstrosity!! You burn the tentacled monstrosity.
You freeze the tentacled monstrosity.
You block the quicksilver dragon's attack.
The quicksilver dragon misses you. The storm dragon bites you!
The storm dragon misses you. The storm dragon tramples you.
You hold your ground!
The white draconian hits you but does no damage.
The quicksilver dragon barely misses you.
The quicksilver dragon claws you. You block the storm dragon's attack.
The storm dragon claws you but does no damage.
You block the storm dragon's attack. The tentacled monstrosity misses you.
The tentacled monstrosity tentacle-slaps you but does no damage. x2
The tentacled monstrosity tentacle-slaps you!
The tentacled monstrosity tentacle-slaps you but does no damage. x2
The tentacled monstrosity constricts you.
Danger x5: storm dragon (berserk), moth of wrath (fleeing), tentacled monstrosity x2, quicksilver dragon (berserk)!
You take 22 damage, and have 57/188 hp.
Unknown command.
Danger x5: storm dragon (berserk), moth of wrath (fleeing), tentacled monstrosity x2, quicksilver dragon (berserk)!
Unknown command.
Danger x5: storm dragon (berserk), moth of wrath (fleeing), tentacled monstrosity x2, quicksilver dragon (berserk)!
You slice the tentacled monstrosity!! You burn the tentacled monstrosity.
You freeze the tentacled monstrosity. The quicksilver dragon bites you!!
* * * LOW HITPOINT WARNING * * *
You block the quicksilver dragon's attack.
You block the white draconian's attack. The storm dragon closely misses you. x2
The storm dragon tramples you but does no damage.
The quicksilver dragon bites you but does no damage.
The quicksilver dragon claws you!
* * * LOW HITPOINT WARNING * * *
Danger x5: storm dragon (berserk), moth of wrath (fleeing), tentacled monstrosity x2, quicksilver dragon (berserk)!
You take 29 damage, and have 28/188 hp.
Unknown command.
Danger x5: storm dragon (berserk), moth of wrath (fleeing), tentacled monstrosity x2, quicksilver dragon (berserk)!
Unknown command.
Danger x5: storm dragon (berserk), moth of wrath (fleeing), tentacled monstrosity x2, quicksilver dragon (berserk)!
Unknown command.
Danger x5: storm dragon (berserk), moth of wrath (fleeing), tentacled monstrosity x2, quicksilver dragon (berserk)!
Okay, then.
Danger x5: storm dragon (berserk), moth of wrath (fleeing), tentacled monstrosity x2, quicksilver dragon (berserk)!
Okay, then.
Danger x5: storm dragon (berserk), moth of wrath (fleeing), tentacled monstrosity x2, quicksilver dragon (berserk)!
Unknown command.
Danger x5: storm dragon (berserk), moth of wrath (fleeing), tentacled monstrosity x2, quicksilver dragon (berserk)!
Really read
y - 4 scrolls of blinking {!r}?
Your blink will be uncontrolled - continue anyway?
Really read with blurry vision while enemies are nearby?
You block the quicksilver dragon's attack.
The quicksilver dragon claws you but does no damage.
The storm dragon completely misses you.
You riposte.
You slice the storm dragon!! You burn the storm dragon!
You freeze the storm dragon.
The storm dragon claws you but does no damage.
You block the storm dragon's attack. You block the white draconian's attack.
The tentacled monstrosity tentacle-slaps you.
* * * LOW HITPOINT WARNING * * *
The tentacled monstrosity tentacle-slaps you.
* * * LOW HITPOINT WARNING * * *
The tentacled monstrosity tentacle-slaps you but does no damage.
* * * LOW HITPOINT WARNING * * *
The tentacled monstrosity constricts you!
The tentacled monstrosity tentacle-slaps you but does no damage.
You block the tentacled monstrosity's attack.
The tentacled monstrosity misses you.
You begin reading the scroll.
You continue reading the scroll.
You block the quicksilver dragon's attack.
The quicksilver dragon claws you but does no damage.
The storm dragon bites you but does no damage.
The storm dragon claws you but does no damage.
The storm dragon tramples you but does no damage.
You block the quicksilver dragon's attack. x2
You block the white draconian's attack. The storm dragon bites you!
* * * LOW HITPOINT WARNING * * *
The storm dragon closely misses you.
The storm dragon tramples you but does no damage.
The tentacled monstrosity tentacle-slaps you but does no damage. x3
You block the tentacled monstrosity's attack.
The tentacled monstrosity tentacle-slaps you.
You die...

#.# ############
###.####...........
≈##..##..#########.
≈≈##.##.##..y....##
≈≈≈#.##.#8.......8#
≈≈≈≈..#.#.......[)#
≈≈≈≈≈...#.......=)#
≈≈≈≈≈..©#dD©....$©#
≈≈≈≈≈...#@D.!...[)#
≈≈≈≈≈..)#XX.....$?#
≈≈≈≈##..#8.......8#
≈≈≈.##..##.......##
≈∩#.##...#########.
≈##.##.............
..#.###...}........
#.#.# ############.
....# #⌠


You could see 2 tentacled monstrosities, a storm dragon (berserk), a white
draconian (berserk), a quicksilver dragon (berserk) and a moth of wrath
(fleeing).

Vanquished Creatures
  the Royal Jelly (Slime:5)
  3 pandemonium lords
  Mara (Vaults:3)
  Mennas (Depths:3)
  3 ancient liches
  3 juggernauts
  Sojobo (Depths:1)
  3 greater mummies
  The ghost of Ata Jimi the Sharpshooter, a veteran GnWn of Nemelex Xobeh (Vaults:1)
  Frederick (Depths:1)
  Saint Roka (Elf:3)
  Xtahua (Vaults:3)
  Geryon (Hell)
  5 golden dragons
  Nikola (Swamp:3)
  the Enchantress (Depths:2)
  Arachne (Spider:3)
  5 Tzitzimimeh
  4 bone dragons
  Jory (Depths:5)
  A profane servitor (Abyss:3)
  A doom hound (Tar:4)
  6 iron giants
  11 Brimstone Fiends
  Rupert (Spider:1)
  11 liches
  2 tentacled monstrosities (Vaults:4)
  Jorgrun (Spider:3)
  3 Ice Fiends
  2 Hell Sentinels
  The ghost of Hyotygoi the Warrior, an adept MiFi of Qazlal (Vaults:1)
  A hellephant (Depths:1)
  Asterion (Depths:2)
  2 deep elf blademasters
  4 quicksilver dragons
  3 deep elf master archers
  8 titans
  2 Executioners
  9 ancient champions
  14 acid blobs
  14 sphinxes
  3 thorn hunters
  2 eldritch tentacles
  Gastronok (Lair:3)
  2 tentacled starspawn (Abyss:3)
  A death cob (Zot:2)
  Frances (Spider:1)
  Roxanne (Elf:1)
  10 tengu reavers
  8 shadow dragons
  4 revenants
  5 storm dragons
  10 azure jellies
  8 frost giants
  9 nagarajas
  A blood saint (Zig:13)
  Donald (Vaults:3)
  5 iron dragons
  2 orc warlords (Depths:4)
  17 fire giants
  5 deep elf sorcerers
  3 draconian knights
  4 cacodemons
  The ghost of Dracunculus the Thaumaturge, a journeyman GnSk of Ashenzari (Orc:2)
  3 draconian scorchers
  3 curse skulls
  9 emperor scorpions
  4 deep elf elementalists (Elf:3)
  14 vault wardens
  13 balrugs
  6 ghost moths
  3 draconian annihilators
  Aizul (Spider:2)
  An angel (Abyss:3)
  2 ophanim (Abyss:3)
  20 ironheart preservers
  4 war gargoyles
  7 spriggan defenders
  14 very ugly things
  32 reapers
  28 stone giants
  A juggernaut skeleton (Zig:7)
  An entropy weaver (Spider:4)
  7 deep elf demonologists
  10 vampire knights
  Nessos (D:15)
  5 black draconians
  3 black suns (Zig:13)
  3 lorocyprocas
  6 spark wasps
  3 corrupters (Zig:13)
  6 green draconians
  A dire elephant (shapeshifter) (Zig:9)
  9 deep elf annihilators
  4 red draconians
  3 yellow draconians
  4 white draconians
  6 purple draconians
  21 ettins
  10 death oozes
  2 green deaths (Dis:1)
  2 crystal guardians (Vaults:4)
  9 eidola
  Snorg (Lair:3)
  2 blizzard demons
  2 quicksilver dragon zombies
  Josephine (Orc:2)
  9 jiangshi
  11 mummy priests
  14 deep elf death magi
  14 great orbs of eyes
  9 fire dragons
  3 deep elf high priests
  4 naga warriors
  Fannar (D:12)
  21 ogre magi
  16 yaktaur captains
  14 hydras
  3 spriggan air magi
  33 vault guards
  3 quicksilver dragon skeletons
  11 rakshasas
  4 anacondas
  6 ice dragons
  2 hell beasts
  10 centaur warriors
  2 shambling mangroves (Swamp:3)
  3 ghost crabs
  59 two-headed ogres
  4 death yaks
  A tengu warrior (Depths:2)
  11 deep troll shamans
  2 satyrs (shapeshifter)
  16 dancing weapons
  A death knight (Crypt:1)
  15 alligators
  8 titan zombies
  11 vampire magi
  15 death scarabs (Tomb:1)
  10 deep troll earth magi
  20 hell hogs
  2 shock serpents (Zig:10)
  An orc high priest (Depths:4)
  7 thrashing horrors (Abyss:3)
  3 storm dragon zombies
  9 spriggans
  15 soul eaters
  5 naga sharpshooters
  28 hell knights
  Urug (Orc:2)
  13 deep elf knights
  7 spriggan berserkers
  17 sun demons
  2 iron golems
  A fire crab (shapeshifter) (Vaults:2)
  4 titan skeletons
  A shadow wraith (Tar:1)
  3 salamander mystics
  4 sixfirhies
  An iron troll (Depths:4)
  72 skeletal warriors
  2 death drakes (shapeshifter)
  2 death drakes (Zig:6)
  2 cherubim (Abyss:3)
  A spatial maelstrom (Abyss:3)
  4 storm dragon skeletons
  5 wretched stars (Abyss:3)
  4 unseen horrors
  44 deep trolls
  A swamp dragon (shapeshifter) (Vaults:4)
  7 anaconda zombies
  9 flayed ghosts
  8 glowing orange brains
  A ghost moth zombie (Crypt:3)
  12 large abominations
  14 swamp dragons
  5 shadow demons
  An obsidian statue (Zot:1)
  A quicksilver dragon simulacrum (Hell)
  2 naga ritualists (Zig:10)
  11 ironbrand convokers
  2 tengu zombies
  5 lindwurms
  A kraken simulacrum (Hell)
  25 necromancers
  28 phantasmal warriors
  14 wizards
  22 deep elf archers
  5 golden dragon skeletons
  2 anaconda skeletons
  3 mana vipers
  14 orc knights
  8 harpies
  2 shadow dragon zombies
  11 orc sorcerers
  A shining eye (shapeshifter) (Vaults:5)
  3 shining eyes
  19 orb spiders
  A shadow dragon skeleton (Hell)
  44 wolf spiders
  An orb spider (shapeshifter) (Vaults:2)
  47 ugly things
  6 iron dragon zombies
  6 frost giant zombies
  7 oklob plants
  A manticore (D:15)
  56 deep elf magi
  5 moths of wrath
  4 fire giant zombies
  5 iron dragon skeletons
  12 cyclopes
  A worldbinder (Abyss:3)
  2 sphinx skeletons (Vaults:3)
  9 stone giant zombies
  8 fire giant skeletons
  5 guardian serpents
  34 rust devils
  2 stone giant skeletons
  5 frost giant skeletons
  4 dire elephant zombies
  15 vault sentinels
  A spriggan zombie (Zig:7)
  A titan simulacrum (Tar:5)
  2 torpor snails
  15 black mambas
  A spiny frog (shapeshifter) (D:15)
  2 ice statues
  A guardian serpent (shapeshifter) (Depths:2)
  6 gargoyles
  3 elf zombies
  3 eyes of devastation
  4 emperor scorpion zombies
  2 elf skeletons
  A minotaur zombie (Crypt:3)
  29 spiny frogs
  2 naga magi
  6 smoke demons
  8 molten gargoyles
  3 orange demons
  3 dire elephant skeletons
  A shock serpent zombie (Dis:2)
  16 hellions
  52 yaktaurs
  2 shock serpent skeletons
  A rime drake (Lair:3)
  5 efreet
  6 komodo dragons
  5 catoblepas zombies
  A red draconian zombie (Dis:1)
  An ancient zyme (Abyss:3)
  18 tormentors
  16 freezing wraiths
  10 ice devils
  A catoblepas skeleton (Coc:1)
  25 demonic crawlers
  10 guardian mummies
  An elf (Depths:4)
  14 hellwings
  3 silent spectres
  22 red devils
  8 hydra zombies
  7 trolls
  A sphinx simulacrum (Vaults:1)
  A hornet (shapeshifter) (Vaults:1)
  28 jumping spiders
  A spriggan skeleton (Zig:7)
  2 iron troll skeletons (Dis:5)
  6 hydra skeletons
  3 meliai (D:15)
  A troll (shapeshifter) (Elf:3)
  A harpy zombie (Geh:3)
  6 tengu conjurers
  3 polar bears
  69 slime creatures
  A jumping spider zombie (Crypt:2)
  2 wind drakes (Zig:6)
  A slime creature (shapeshifter) (Depths:2)
  2 blink frogs (shapeshifter)
  3 harpy skeletons
  9 tyrant leeches
  20 hornets
  A fire giant simulacrum (Depths:3)
  A wind drake (shapeshifter) (Depths:2)
  8 ettin zombies
  30 blink frogs
  A frost giant simulacrum (Coc:3)
  10 raiju (Abyss:3)
  A stone giant simulacrum (Vaults:2)
  11 bog bodies
  6 ice dragon zombies
  6 dream sheep
  5 hippogriffs
  6 alligator zombies
  119 flying skulls
  5 fire dragon zombies
  47 redbacks
  3 ettin skeletons
  26 shadows
  28 tarantellas
  13 water elementals
  10 starcursed masses (Abyss:3)
  23 wraiths
  4 air elementals
  3 black mamba zombies
  3 fire dragon skeletons
  2 ynoxinuls
  2 spriggans (shapeshifter)
  10 wyverns
  A vampire (Depths:4)
  2 basilisks
  30 yaks
  6 golden eyes (Slime:5)
  3 ice dragon skeletons
  5 chaos spawn
  25 fire elementals
  4 humans
  A golden eye (shapeshifter) (D:15)
  A basilisk (shapeshifter) (Vaults:4)
  A black mamba skeleton (Hell)
  4 hungry ghosts
  3 ushabtiu
  A neqoxec (Abyss:3)
  A human simulacrum (Vaults:1)
  23 swamp worms
  16 vampire mosquitoes
  18 insubstantial wisps
  11 wargs
  2 nagas
  4 spiny frog zombies
  2 acid dragons
  A harpy simulacrum (Coc:1)
  A soldier ant (D:12)
  2 spatial vortices
  An orb spider zombie (Crypt:2)
  67 hell hounds
  A sky beast (D:9)
  18 water moccasins
  5 snapping turtle zombies
  6 porcupines
  11 ice beasts
  3 merfolk skeletons
  25 orc warriors
  8 phantoms
  3 black bears
  A hornet zombie (D:8)
  2 spiny frog skeletons
  2 slaves (Depths:4)
  13 swamp drakes
  12 necrophages
  6 eyes of draining
  An ogre (shapeshifter) (Depths:2)
  8 boggarts
  45 ogres
  21 centaurs
  13 crocodiles
  28 wolves
  7 snapping turtle skeletons
  2 manticore skeletons
  6 big kobolds
  A salamander zombie (Crypt:2)
  19 bullfrogs
  5 earth elementals
  A water moccasin zombie (D:9)
  An ogre simulacrum (Vaults:1)
  2 spectral wargs (Depths:4)
  7 wyvern skeletons (Crypt:3)
  9 small abominations
  5 scorpions
  8 killer bees
  2 troll zombies
  A water moccasin skeleton (D:4)
  5 howler monkeys
  68 wights
  2 electric eels (Lair:3)
  2 bullfrog zombies (D:11)
  15 crimson imps
  A quasit (D:12)
  4 centaur zombies
  4 hounds
  21 iron imps
  A jelly (D:9)
  Crazy Yiuf (D:3)
  12 orc priests
  3 bullfrog skeletons
  A human zombie (Dis:3)
  5 centaur skeletons
  39 orc wizards
  A human skeleton (Geh:4)
  8 iguanas
  2 polar bear simulacra (Lair:6)
  7 worker ants
  3 wolf simulacra (Lair:6)
  2 yak simulacra (Lair:6)
  A naga skeleton (Crypt:3)
  A tengu skeleton (Crypt:1)
  27 mummies
  2 worker ant zombies (D:10)
  A howler monkey zombie (D:6)
  13 adders
  14 gnolls
  2 river rats (D:11)
  A steam dragon skeleton (Crypt:1)
  15 shadow imps
  4 white imps
  2 ufetubi
  An adder skeleton (Crypt:2)
  2 adder zombies
  4 worms
  4 dart slugs
  2 leopard geckos
  97 orcs
  7 giant cockroaches
  11 goblins
  9 hobgoblins
  12 jackals
  8 quokkas
  A river rat zombie (Crypt:2)
  A ball python (D:2)
  5 bats
  6 frilled lizards
  2 goblin skeletons (D:4)
  2 goblin zombies
  A jackal zombie (D:5)
  26 kobolds
  A kobold skeleton (D:4)
  4 kobold zombies
  A leopard gecko skeleton (D:6)
  An orc skeleton (D:4)
  An orc zombie (D:4)
  9 rats
  4 river rat simulacra (Lair:6)
  A river rat skeleton (Crypt:1)
  4 crawling corpses (Elf:3)
  A fungus (Lair:5)
  A lurking horror (Abyss:3)
  6 plants
  2 withered plants (Crypt:3)
3604 creatures vanquished.

Vanquished Creatures (collateral kills)
  Edmund (D:6)
1 creature vanquished.

Vanquished Creatures (others)
  A lich (Dis:2)
  An eldritch tentacle (Dis:5)
  A reaper (Zig:13)
  A spark wasp (Zig:1)
  A hell beast (Zig:13)
  2 centaur warriors
  A soul eater (Zig:13)
  A deep elf knight (Vaults:2)
  A flayed ghost (Geh:7)
  A deep troll (Vaults:5)
  4 deep elf archers
  A large abomination (Abyss:3)
  A cyclops (Vaults:1)
  A fire giant zombie (Dis:2)
  4 yaktaurs
  A jumping spider (Spider:2)
  A fire elemental (Geh:7)
  A naga (Zig:12)
  A water moccasin (Lair:6)
  A boggart (Depths:4)
  3 ogres
  4 centaurs
  3 small abominations (Abyss:3)
  2 wights (Geh:3)
  A crimson imp (Geh:7)
  A tengu zombie (Geh:3)
  A shadow imp (Tar:7)
  An orc skeleton (Hell)
  13 fungi
  2 lurking horrors
  15 plants
  4 starspawn tentacles (Abyss:3)
  4 tentacles (Hell)
  15 withered plants (Crypt:3)
96 creatures vanquished.

Grand Total: 3701 creatures vanquished

Notes
Turn   | Place    | Note
-------+----------+-------------------------------------------
     0 | D:1      | packetloss the Gargoyle Earth Elementalist began the quest
                  | for the Orb.
     0 | D:1      | Reached XP level 1. HP: 10/10 MP: 3/3
   266 | D:1      | Reached XP level 2. HP: 13/15 MP: 1/5
   733 | D:1      | Reached skill level 4 in Earth Magic
  1050 | D:1      | Reached XP level 3. HP: 19/19 MP: 4/6
  1061 | D:1      | Learned a level 3 spell: Stone Arrow
  1289 | D:2      | Found a bloodstained altar of Trog.
  1438 | D:2      | Noticed an ogre
  1688 | D:2      | Reached skill level 1 in Conjurations
  1722 | D:2      | Reached XP level 4. HP: 24/24 MP: 5/8
  2292 | D:2      | Reached skill level 3 in Spellcasting
  2855 | D:3      | Noticed Sigmund
  2908 | D:3      | Found a runed translucent door.
  2909 | D:3      | Noticed Crazy Yiuf
  3240 | D:3      | Paralysed by a gnoll for 7 turns
  3248 | D:3      | Reached skill level 2 in Conjurations
  3248 | D:3      | Reached XP level 5. HP: 27/28 MP: 2/9
  3337 | D:3      | Reached skill level 5 in Earth Magic
  3875 | D:4      | Noticed an ogre
  3996 | D:4      | Reached XP level 6. HP: 30/32 MP: 2/11
  4027 | D:4      | Reached skill level 4 in Spellcasting
  4027 | D:4      | Reached skill level 6 in Earth Magic
  4057 | D:4      | Found a staircase to the Ecumenical Temple.
  4062 | Temple   | Entered the Ecumenical Temple
  4258 | Temple   | Became a worshipper of Ashenzari the Shackled
  4467 | D:4      | Reached XP level 7. HP: 36/36 MP: 4/13
  4530 | D:4      | Found a glowing golden altar of the Shining One.
  4713 | D:4      | Reached skill level 3 in Conjurations
  5434 | D:4      | Learned a level 2 spell: Passwall
  5437 | D:4      | Learned a level 2 spell: Sticks to Snakes
  5443 | D:4      | Learned a level 5 spell: Lee's Rapid Deconstruction
  5517 | D:3      | Reached skill level 7 in Earth Magic
  5584 | D:3      | Found a blossoming altar of Fedhas.
  5584 | D:3      | Found an iron altar of Okawaru.
  5633 | D:3      | Reached skill level 5 in Spellcasting
  5633 | D:3      | Reached skill level 1 in Transmutations
  5951 | D:3      | Found a blossoming altar of Fedhas.
  5951 | D:3      | Found an iron altar of Okawaru.
  6181 | D:4      | Reached skill level 4 in Conjurations
  6181 | D:4      | Reached XP level 8. HP: 31/41 MP: 0/15
  6439 | D:5      | Entered Level 5 of the Dungeon
  6558 | D:5      | Found a bloodstained altar of Trog.
  6586 | D:5      | Found a shimmering altar of Xom.
  6586 | D:5      | Found a deep blue altar of Sif Muna.
  6935 | D:5      | Reached skill level 1 in Fighting
  6935 | D:5      | Reached skill level 3 in Stealth
  7383 | D:5      | Found an ornate altar of the Wu Jian Council.
  7425 | D:5      | Found a stormy altar of Qazlal.
  7805 | D:6      | Reached skill level 2 in Fighting
  7839 | D:6      | Reached * piety under Ashenzari
  7946 | D:6      | Reached skill level 8 in Earth Magic
  8133 | D:6      | Reached skill level 4 in Stealth
  8335 | D:6      | Reached skill level 3 in Fighting
  8335 | D:6      | Reached skill level 6 in Spellcasting
  8335 | D:6      | Reached XP level 9. HP: 46/50 MP: 11/18
  8650 | D:7      | Noticed a hornet
  8674 | D:6      | Reached skill level 5 in Stealth
  8705 | D:6      | Found a burning altar of Makhleb.
  8706 | D:6      | Found a radiant altar of Vehumet.
  8769 | D:6      | Noticed Edmund
  8864 | D:6      | Killed Edmund
  8864 | D:6      | Reached skill level 4 in Fighting
  9158 | D:7      | Learned a level 4 spell: Petrify
  9162 | D:7      | Learned a level 3 spell: Spider Form
  9213 | D:7      | Reached skill level 2 in Transmutations
  9308 | D:7      | Reached skill level 9 in Earth Magic
  9360 | D:7      | Killed a hornet
  9893 | D:7      | Found a hazy altar of Hepliaklqana.
 10428 | D:8      | Found a shadowy altar of Dithmenos.
 10431 | D:8      | Reached skill level 5 in Fighting
 10477 | D:8      | Reached skill level 7 in Spellcasting
 10477 | D:8      | Reached skill level 3 in Transmutations
 10494 | D:8      | Reached XP level 10. HP: 45/59 MP: 15/20
 11139 | D:3      | Killed Crazy Yiuf
 11734 | D:8      | Reached ** piety under Ashenzari
 11880 | D:9      | Found Beibrock's Weapon Shop.
 11880 | D:9      | Found a staircase to the Orcish Mines.
 11881 | D:9      | Found Sofrai's Armour Shop.
 11883 | D:9      | Noticed a four-headed hydra
 11890 | D:9      | Killed a four-headed hydra
 11890 | D:9      | Reached skill level 6 in Fighting
 11890 | D:9      | Reached skill level 10 in Earth Magic
 12099 | D:9      | Reached skill level 4 in Transmutations
 12525 | Orc:1    | Entered Level 1 of the Orcish Mines
 12537 | Orc:1    | Reached skill level 2 in Dodging
 12541 | Orc:1    | Reached skill level 1 in Armour
 12753 | Orc:2    | Entered Level 2 of the Orcish Mines
 12785 | Orc:2    | Noticed Josephine
 12799 | Orc:2    | Reached skill level 1 in Evocations
 13006 | Orc:2    | Killed Josephine
 13006 | Orc:2    | Reached skill level 1 in Staves
 13006 | Orc:2    | Reached skill level 2 in Armour
 13006 | Orc:2    | Reached skill level 6 in Stealth
 13320 | Orc:2    | Found a runed translucent door.
 13323 | Orc:2    | Noticed Urug
 13352 | Orc:2    | Noticed an orc sorcerer
 13404 | D:10     | Entered Level 10 of the Dungeon
 13413 | D:10     | Reached skill level 2 in Evocations
 13475 | D:10     | Found Xenouczax's Armour Boutique.
 13499 | D:10     | Bought a +2 helmet for 214 gold pieces
 13513 | D:10     | Noticed a two-headed ogre
 13525 | D:10     | Killed a two-headed ogre
 13525 | D:10     | Reached skill level 2 in Staves
 13525 | D:10     | Reached skill level 8 in Spellcasting
 13525 | D:10     | Reached XP level 11. HP: 66/66 MP: 14/23
 13633 | D:10     | Reached skill level 3 in Armour
 13723 | D:10     | Reached skill level 3 in Dodging
 14212 | D:10     | Noticed a three-headed hydra
 14410 | D:10     | Killed a three-headed hydra
 14410 | D:10     | Reached skill level 3 in Staves
 14450 | D:10     | Reached skill level 3 in Evocations
 14593 | D:11     | Reached skill level 11 in Earth Magic
 14601 | D:11     | Noticed a death yak
 14851 | D:11     | Found Vanileef's Book Emporium.
 14862 | D:11     | Reached skill level 7 in Stealth
 15116 | D:11     | Bought a book of Battle for 520 gold pieces
 15121 | D:11     | Learned a level 3 spell: Regeneration
 15224 | D:11     | Noticed a death yak
 15227 | D:11     | Found a staircase to the Lair.
 15227 | D:11     | Noticed a death yak
 15327 | D:12     | Noticed a two-headed ogre
 15347 | D:12     | Reached *** piety under Ashenzari
 15366 | D:12     | Killed a two-headed ogre
 15366 | D:12     | Reached skill level 4 in Armour
 15366 | D:12     | Reached skill level 1 in Charms
 15727 | D:12     | Reached skill level 4 in Dodging
 15788 | D:12     | Reached XP level 12. HP: 71/71 MP: 5/24
 15849 | D:12     | Reached skill level 1 in Necromancy
 16065 | D:12     | Noticed a reaper
 16065 | D:12     | Noticed a reaper
 16065 | D:12     | Noticed a reaper
 16065 | D:12     | Noticed a reaper
 16065 | D:12     | Noticed a reaper
 16145 | D:12     | Reached skill level 2 in Charms
 16196 | D:12     | Noticed a two-headed ogre
 16211 | D:12     | Killed a two-headed ogre
 16264 | D:12     | Reached skill level 4 in Evocations
 16314 | D:12     | Reached skill level 5 in Armour
 16314 | D:12     | Reached skill level 8 in Stealth
 16431 | D:12     | Reached skill level 2 in Necromancy
 16447 | D:12     | Reached skill level 9 in Spellcasting
 16646 | D:12     | Reached skill level 3 in Charms
 16652 | D:12     | Reached skill level 5 in Transmutations
 16835 | D:12     | Learned a level 1 spell: Summon Butterflies
 16927 | D:12     | Noticed Fannar
 16982 | D:12     | Killed Fannar
 17272 | D:12     | Reached XP level 13. HP: 75/75 MP: 11/26
 17449 | D:12     | Reached skill level 5 in Dodging
 17714 | D:12     | Noticed an ogre mage
 17715 | D:12     | Killed an ogre mage
 17715 | D:12     | Reached skill level 4 in Staves
 17715 | D:12     | Reached skill level 6 in Armour
 17715 | D:12     | Reached skill level 12 in Earth Magic
 17957 | Orc:1    | Reached skill level 9 in Stealth
 18144 | Orc:1    | Found a radiant altar of Vehumet.
 18229 | Orc:1    | Reached skill level 7 in Fighting
 18362 | Orc:2    | Killed Urug
 18493 | Orc:2    | Found a staircase to the Elven Halls.
 18555 | Orc:2    | Noticed Dracunculus's ghost (journeyman GnSk)
 18556 | Orc:2    | Identified the ring "Gydweq" {*Drain rPois rC++ Str+3
                  | Stlth+}
 18898 | Orc:2    | Found Tillef's Distillery.
 18898 | Orc:2    | Found Hyocsir's Distillery.
 18917 | Orc:2    | Bought a potion of degeneration for 13 gold pieces
 19033 | Orc:2    | Reached skill level 5 in Staves
 19292 | Orc:2    | Reached **** piety under Ashenzari
 19328 | Orc:2    | Reached skill level 7 in Armour
 19447 | Orc:2    | Found Idyru's Antique Weapon Shop.
 19447 | Orc:2    | Found Nass's Magic Scroll Emporium.
 19473 | Orc:2    | Found a roughly hewn altar of Beogh.
 19771 | Orc:2    | Bought a potion of magic for 88 gold pieces
 19771 | Orc:2    | Bought a potion of haste for 110 gold pieces
 19771 | Orc:2    | Bought a potion of agility for 44 gold pieces
 19771 | Orc:2    | Bought a potion of curing for 33 gold pieces
 19780 | Orc:2    | Bought a potion of invisibility for 104 gold pieces
 19821 | Orc:2    | Bought a scroll of enchant armour for 112 gold pieces
 19859 | Orc:2    | Bought a potion of cancellation for 104 gold pieces
 19942 | Orc:2    | Killed Dracunculus's ghost
 20240 | D:11     | Reached skill level 6 in Dodging
 20242 | D:11     | Gained mutation: Your large and strong wings let you fly
                  | indefinitely. [Gargoyle growth]
 20242 | D:11     | Reached XP level 14. HP: 83/83 MP: 5/27
 20432 | Lair:1   | Entered Level 1 of the Lair of Beasts
 20579 | Lair:1   | Reached skill level 10 in Spellcasting
 20585 | Lair:1   | Reached skill level 8 in Fighting
 21307 | Lair:2   | Reached skill level 6 in Staves
 21590 | Lair:2   | Found a hole to the Spider Nest.
 21596 | Lair:2   | Found a staircase to the Swamp.
 21732 | Lair:2   | Reached skill level 13 in Earth Magic
 21846 | Lair:2   | Identified the +6 mace of Porchi {crush, *Drain +Fly MR+++
                  | Int-3}
 21850 | Lair:2   | Reached skill level 8 in Armour
 22052 | Lair:2   | Identified a lightning rod (4/4)
 22067 | Lair:2   | Identified the amulet of Haprok {Acrobat rC- rN+ MP+9}
 22319 | Lair:3   | Noticed Gastronok
 22358 | Lair:3   | Killed Gastronok
 22359 | Lair:3   | Noticed Snorg
 22464 | Lair:3   | Learned a level 6 spell: Iron Shot
 22761 | Lair:3   | Killed Snorg
 23403 | Lair:3   | Identified the ring of Vegh {rElec rCorr Stlth+}
 23631 | Lair:4   | Reached ***** piety under Ashenzari
 23641 | Lair:4   | Reached skill level 9 in Fighting
 23805 | Lair:4   | Reached skill level 11 in Spellcasting
 24620 | Lair:4   | Reached XP level 15. HP: 90/90 MP: 23/30
 24806 | Lair:5   | Found a dark tunnel.
 24822 | Volcano  | Entered a volcano
 25156 | Lair:5   | Reached skill level 12 in Spellcasting
 26064 | Lair:6   | Entered Level 6 of the Lair of Beasts
 26262 | Lair:6   | Found a staircase to the Slime Pits.
 26986 | Lair:6   | Got the uncursed leather armour of the Morning {-Cast rPois
                  | Int+5 Dex+2}
 27041 | Lair:6   | Identified the +7 quarterstaff "Guisifi" {chaos, rPois MR+}
 27078 | Lair:6   | Reached skill level 13 in Spellcasting
 28366 | Elf:1    | Entered Level 1 of the Elven Halls
 28602 | Elf:1    | Reached skill level 14 in Spellcasting
 28827 | Elf:1    | Reached skill level 7 in Dodging
 29220 | Elf:1    | Reached skill level 9 in Armour
 29220 | Elf:1    | Reached XP level 16. HP: 96/96 MP: 26/34
 29371 | Elf:1    | Noticed Roxanne
 29379 | Elf:1    | Killed Roxanne
 29379 | Elf:1    | Reached skill level 10 in Stealth
 29859 | Elf:1    | Got the uncursed ring mail "Beudaul" {Int+3 Slay+2}
 29989 | Elf:1    | Identified a scroll of acquirement
 29989 | Elf:1    | Identified Eboa's Disquisition on the Feathery Escort (You
                  | acquired it on level 1 of the Elven Halls)
 30016 | Elf:1    | Reached ****** piety under Ashenzari
 30541 | Elf:2    | Found a deep blue altar of Sif Muna.
 30710 | Elf:2    | Found a runed translucent gate.
 30710 | Elf:2    | Found a runed translucent gate.
 30710 | Elf:2    | Found a runed translucent gate.
 30722 | Elf:2    | Found Kuwien's Antique Weapon Shoppe.
 30831 | Elf:2    | Found a portal to a secret trove of treasure.
 31079 | Elf:3    | Entered Level 3 of the Elven Halls
 31080 | Elf:3    | Reached skill level 14 in Earth Magic
 31141 | Elf:3    | Noticed a deep elf master archer
 31177 | Elf:3    | Reached skill level 10 in Fighting
 31354 | Elf:3    | Found an ancient bone altar of Kikubaaqudgha.
 31624 | Elf:3    | Noticed Saint Roka
 31942 | Elf:3    | Noticed an Executioner
 31942 | Elf:3    | Killed a deep elf master archer
 31944 | Elf:3    | Reached skill level 8 in Dodging
 31948 | Elf:3    | Identified the +7 morningstar "Vuvo" {freeze, +Rage}
 31948 | Elf:3    | Identified the amulet "Betuec" {Spirit rC+ rN+ Int+4
                  | Stlth+}
 31994 | Elf:3    | Noticed a deep elf master archer
 31998 | Elf:3    | Killed a deep elf master archer
 31998 | Elf:3    | Reached skill level 10 in Armour
 31998 | Elf:3    | Reached skill level 11 in Stealth
 32417 | Elf:2    | Reached XP level 17. HP: 97/103 MP: 21/35
 32625 | Elf:3    | Identified the +2 falchion "Mowowuf" {freeze, *Drain rElec
                  | Str+4 Int+2}
 32734 | Elf:3    | Noticed a deep elf blademaster
 32740 | Elf:3    | Killed a deep elf blademaster
 32745 | Elf:3    | Noticed a deep elf blademaster
 32759 | Elf:2    | Killed a deep elf blademaster
 32967 | Elf:3    | Reached skill level 11 in Fighting
 33095 | Elf:3    | Identified the cursed +1 long sword of Cheibriados's Envy
                  | {slice, Dex+2}
 33180 | Elf:3    | Identified a lightning rod (4/4)
 33192 | Elf:3    | Identified a lightning rod (4/4)
 33663 | Spider:1 | Entered Level 1 of the Spider Nest
 33687 | Spider:1 | Noticed Rupert
 33693 | Spider:1 | Killed Rupert
 34086 | Spider:1 | Noticed Frances
 34123 | Spider:1 | Killed Frances
 34315 | Spider:1 | Reached skill level 12 in Stealth
 34315 | Spider:1 | Reached skill level 15 in Earth Magic
 34400 | Spider:2 | Reached skill level 15 in Spellcasting
 34581 | Spider:1 | Reached skill level 11 in Armour
 34887 | Spider:1 | Reached skill level 9 in Dodging
 35081 | Spider:2 | Got the shortbow of Dechihus {venom, +Blink rF+}
 35563 | Spider:3 | Noticed Aizul
 35563 | Spider:3 | Noticed Jorgrun
 35794 | Swamp:1  | Entered Level 1 of the Swamp
 36077 | Swamp:1  | Reached XP level 18. HP: 91/111 MP: 15/37
 36572 | Swamp:1  | Found a transporter.
 36574 | Swamp:1  | Identified the ring "Nipnakh" {rF+ rN+ MR+ Int+7}
 36804 | Swamp:1  | Identified the ring of Doty {rC++ EV+2 Dex+5}
 37158 | Swamp:2  | Reached skill level 12 in Fighting
 37658 | Swamp:1  | Found a transporter.
 37892 | Swamp:2  | Reached skill level 13 in Stealth
 38292 | Swamp:3  | Reached skill level 7 in Staves
 38423 | Swamp:3  | Noticed Nikola
 38485 | Swamp:4  | Entered Level 4 of the Swamp
 39046 | Swamp:4  | Noticed the 27-headed Lernaean hydra
 39175 | Swamp:4  | Reached skill level 16 in Earth Magic
 39448 | Swamp:3  | Reached skill level 10 in Dodging
 39914 | Swamp:3  | Killed Nikola
 40721 | Orc:2    | Bought 2 potions of resistance for 220 gold pieces
 40834 | Elf:2    | You paid a toll of 4 potions of resistance to enter a
                  | treasure trove
 40835 | Trove    | Entered a treasure trove
 40850 | Trove    | Identified the ring "Poskesmi" {rC+ MP+9 Str+3}
 40850 | Trove    | Identified the cursed ring of Liberty {MR++ Int+4 Stlth+}
 40850 | Trove    | Identified the amulet "Vacoqe" {Acrobat rN+ MR++}
 40850 | Trove    | Identified the ring of Doubts {rElec rPois rF+++ Int-5
                  | Stlth+}
 42100 | D:14     | Reached XP level 19. HP: 96/118 MP: 27/38
 42110 | D:14     | Reached skill level 8 in Staves
 42231 | D:14     | Found a gate to the Vaults.
 42363 | D:15     | Entered Level 15 of the Dungeon
 42656 | D:15     | Got the uncursed pair of boots of Sorcery {Str+2}
 42667 | D:15     | Identified the +5 pair of boots of Sorcery {Str+2} (You
                  | found it on level 15 of the Dungeon)
 42767 | D:15     | Noticed Nessos
 42777 | D:15     | Killed Nessos
 42793 | D:15     | Reached skill level 13 in Fighting
 43325 | D:15     | Found a staircase to the Depths.
 43418 | Depths:1 | Entered Level 1 of the Depths
 43616 | Depths:1 | Noticed Frederick
 43626 | Depths:1 | Killed Frederick
 43626 | Depths:1 | Reached skill level 14 in Stealth
 44043 | Depths:1 | Found a gateway to a ziggurat.
 44223 | Depths:1 | Found a gateway to Hell.
 44256 | Depths:1 | Found Haucuejo's Assorted Antiques.
 44262 | Depths:1 | Found Hanko's Antique Weapon Boutique.
 44269 | Depths:1 | Bought a steaming rapier for 234 gold pieces
 44269 | Depths:1 | Identified the +6 rapier of the Swamp {pierce, rPois rN+
                  | Dex+4} (You bought it in a shop on level 1 of the Depths)
 44353 | Depths:1 | Found a one-way gate leading to the halls of Pandemonium.
 44710 | Depths:2 | Noticed the Enchantress
 44725 | Depths:2 | Killed the Enchantress
 44725 | Depths:2 | Reached skill level 16 in Spellcasting
 44746 | Depths:1 | Reached skill level 9 in Staves
 45017 | Depths:2 | Noticed Sojobo
 45029 | Depths:1 | Killed Sojobo
 45811 | Depths:2 | Reached skill level 17 in Earth Magic
 45933 | Depths:2 | Reached XP level 20. HP: 125/125 MP: 20/40
 46195 | Depths:2 | Reached skill level 11 in Dodging
 47188 | Depths:2 | Reached skill level 14 in Fighting
 47620 | Depths:3 | Reached skill level 15 in Stealth
 47652 | Depths:3 | Noticed Asterion
 47663 | Depths:2 | Killed Asterion
 47663 | Depths:2 | Reached skill level 10 in Staves
 47843 | Depths:3 | Found Walicw Pyech's Jewellery Emporium.
 48033 | Depths:3 | Noticed Mennas
 48293 | Depths:3 | Killed Mennas
 48445 | Depths:3 | Reached skill level 5 in Evocations
 48782 | Depths:3 | Found a transporter.
 49153 | Depths:3 | Noticed a golden dragon
 49248 | Depths:3 | Reached XP level 21. HP: 124/132 MP: 27/41
 49356 | Depths:3 | Identified the ring of Beadghol {rN+ EV+1}
 49381 | Depths:3 | Killed a golden dragon
 49381 | Depths:3 | Reached skill level 18 in Earth Magic
 49482 | Depths:3 | Identified the amulet of Fihecich {Reflect Int+4 Dex-5
                  | SH+3}
 49483 | Depths:3 | Found a transporter.
 49516 | Depths:3 | Identified the Almanac of Feathers and the Mountains
 49534 | Depths:3 | Identified the +3 leather armour of the Morning {-Cast
                  | rPois Int+5 Dex+2} (You found it on level 6 of the Lair of
                  | Beasts)
 49534 | Depths:3 | Identified the +2 ring mail "Beudaul" {Int+3 Slay+2} (You
                  | found it on level 1 of the Elven Halls)
 50329 | Depths:3 | Reached skill level 1 in Shields
 50332 | Depths:3 | Reduced skill Stealth to level 14
 50332 | Depths:3 | Reached skill level 2 in Shields
 50400 | Depths:4 | Reached skill level 3 in Shields
 50400 | Depths:4 | Reached skill level 1 in Maces & Flails
 50400 | Depths:4 | Reached skill level 4 in Shields
 50415 | Depths:4 | Reached skill level 5 in Shields
 50527 | Depths:4 | Reached skill level 2 in Maces & Flails
 50549 | Depths:3 | Reached skill level 6 in Shields
 50550 | Depths:3 | Reduced skill Stealth to level 13
 50621 | Depths:3 | Reached skill level 7 in Shields
 50782 | Depths:3 | Reached skill level 3 in Maces & Flails
 50825 | Depths:3 | Reached skill level 8 in Shields
 50867 | Depths:4 | Reduced skill Stealth to level 12
 50873 | Depths:3 | Reached skill level 9 in Shields
 50956 | Depths:4 | Noticed a golden dragon
 51019 | Depths:3 | Reached skill level 4 in Maces & Flails
 51022 | Depths:3 | Reached skill level 10 in Shields
 51057 | Depths:3 | Found Walicw Pyech's Jewellery Emporium.
 51111 | Depths:3 | Reduced skill Stealth to level 11
 51248 | Depths:3 | Reached skill level 11 in Shields
 51338 | Depths:3 | Killed a golden dragon
 51338 | Depths:3 | Reached skill level 5 in Maces & Flails
 51591 | Depths:4 | Reached skill level 6 in Maces & Flails
 51634 | Depths:4 | Reduced skill Stealth to level 10
 51641 | Depths:4 | Reached skill level 7 in Maces & Flails
 51671 | Depths:4 | Reduced skill Stealth to level 9
 51681 | Depths:4 | Reached skill level 8 in Maces & Flails
 51681 | Depths:4 | Reached skill level 12 in Shields
 51744 | Depths:4 | Found a corrupted altar of Lugonu.
 51745 | Depths:4 | Found a one-way gate to the infinite horrors of the Abyss.
 51815 | Depths:4 | Reduced skill Stealth to level 8
 51844 | Depths:4 | Found Qamuv's Antique Weapon Emporium.
 51851 | Depths:4 | Bought a pitted morningstar for 306 gold pieces
 51851 | Depths:4 | Identified the cursed +1 morningstar of Truth {crush,
                  | Dex+3} (You bought it in a shop on level 4 of the Depths)
 52222 | Depths:4 | Reached skill level 9 in Maces & Flails
 52757 | Depths:4 | Found a roughly hewn altar of Beogh.
 52967 | Depths:4 | Noticed a greater mummy
 52973 | Depths:4 | Killed a greater mummy
 52973 | Depths:4 | Reached skill level 10 in Maces & Flails
 52973 | Depths:4 | Reached XP level 22. HP: 96/138 MP: 10/42
 52981 | Depths:4 | Found an ancient bone altar of Kikubaaqudgha.
 53066 | Depths:4 | Found an ancient bone altar of Kikubaaqudgha.
 53216 | Depths:4 | Found The Legendary Sopreic's Legendary Smithy.
 53284 | Depths:4 | Found Bevaeko's Slaves and Accessories.
 53343 | Depths:4 | Found Jack's Jerk-a-riffic Jerky.
 53399 | Depths:4 | Found Cohe's Miraculous Elixirs.
 53512 | Depths:4 | Learned a level 2 spell: Song of Slaying
 53517 | Depths:4 | Learned a level 4 spell: Leda's Liquefaction
 53521 | Depths:4 | Learned a level 3 spell: Conjure Flame
 53522 | Depths:5 | Entered Level 5 of the Depths
 53551 | Depths:5 | Reached skill level 15 in Fighting
 53991 | Depths:5 | Noticed Jory
 54081 | Depths:5 | Killed Jory
 54081 | Depths:5 | Reached skill level 12 in Armour
 54081 | Depths:5 | Reached skill level 12 in Dodging
 54728 | Depths:5 | Found a gate to the Realm of Zot.
 55355 | Swamp:4  | Got a decaying rune of Zot
 55656 | Vaults:1 | Entered Level 1 of the Vaults
 55942 | Vaults:1 | Identified the cursed +0 eveningstar "Ruur Fisisa" {vamp,
                  | rC++} (You acquired it on level 1 of the Vaults)
 56043 | Vaults:1 | Reached skill level 16 in Fighting
 56291 | Vaults:1 | Found Engat's Assorted Antiques.
 56294 | Vaults:1 | Reached skill level 13 in Armour
 56316 | Vaults:1 | Bought a shimmering cloak for 304 gold pieces
 56316 | Vaults:1 | Identified the -1 cloak "Ujy Woiv" {+Inv rF+ Dex+5 Slay-2}
                  | (You bought it in a shop on level 1 of the Vaults)
 56514 | Vaults:1 | Reached XP level 23. HP: 147/147 MP: 43/43
 57169 | Vaults:1 | Found a large runed translucent door.
 57169 | Vaults:1 | Found a large runed translucent door.
 57169 | Vaults:1 | Noticed Hyotygoi's ghost (adept MiFi)
 57169 | Vaults:1 | Noticed Ata Jimi's ghost (veteran GnWn)
 57236 | Vaults:1 | Killed Hyotygoi's ghost
 57266 | Vaults:1 | Killed Ata Jimi's ghost
 57266 | Vaults:1 | Reached skill level 11 in Maces & Flails
 57688 | Vaults:2 | Reached skill level 13 in Dodging
 58211 | Vaults:2 | Found a staircase to the Crypt.
 58568 | Vaults:2 | Reached skill level 14 in Armour
 58657 | Vaults:2 | Found Sabrou's Book Emporium.
 58995 | Vaults:2 | Reached skill level 17 in Fighting
 59392 | Crypt:1  | Entered Level 1 of the Crypt
 59917 | Crypt:1  | Reached skill level 12 in Maces & Flails
 60774 | Crypt:1  | Identified the +6 trident of Sykud {pierce, *Drain rElec
                  | Int+4 Dex+5}
 61056 | Crypt:2  | Reached XP level 24. HP: 136/156 MP: 43/43
 61989 | Crypt:3  | Entered Level 3 of the Crypt
 62603 | Crypt:3  | Identified a lightning rod (4/4)
 62608 | Crypt:3  | Reached skill level 15 in Armour
 63050 | Crypt:3  | Reached skill level 14 in Dodging
 63060 | Crypt:3  | Reached skill level 6 in Evocations
 63673 | Crypt:3  | Found a staircase to the Tomb.
 63799 | Crypt:3  | Found an ancient bone altar of Kikubaaqudgha.
 64008 | Crypt:3  | Identified Ziboso's Disquisition on Black Secrets
 64076 | Crypt:3  | Identified the ring of Bevep {*Drain rElec rF+ Str+9
                  | Stlth+}
 64142 | Crypt:3  | Noticed an ancient lich
 64165 | Crypt:2  | Killed an ancient lich
 64165 | Crypt:2  | Reached skill level 13 in Maces & Flails
 64389 | Crypt:3  | Identified the cursed +0 falchion "Quanwim" {speed, rC+
                  | Str+4}
 64404 | Crypt:3  | Found the +4 dagger "Morg" {pain, MR+ Int+5}
 64748 | Crypt:3  | Reached skill level 13 in Shields
 64821 | Crypt:2  | Upgraded the game from 0.24-a0-529-g0b98641 to
                  | 0.24-a0-530-g18ba70b5
 65256 | Spider:2 | Identified the +7 shortbow of Dechihus {venom, +Blink rF+}
                  | (You found it on level 2 of the Spider Nest)
 65356 | Spider:2 | Reached skill level 18 in Fighting
 65474 | Spider:2 | Killed Aizul
 65596 | Spider:3 | Killed Jorgrun
 65676 | Spider:3 | Noticed Arachne
 65721 | Spider:3 | Killed Arachne
 66060 | Spider:4 | Entered Level 4 of the Spider Nest
 66513 | Spider:4 | Reached XP level 25. HP: 158/163 MP: 27/43
 66590 | Spider:4 | Reached skill level 7 in Evocations
 67150 | Spider:4 | Got a gossamer rune of Zot
 67824 | Vaults:3 | Noticed Mara
 68167 | Vaults:3 | Noticed Xtahua
 68221 | Vaults:3 | Killed Xtahua
 68242 | Vaults:3 | Noticed Donald
 68243 | Vaults:3 | Noticed packetloss's illusion
 68251 | Vaults:3 | Killed Mara
 68251 | Vaults:3 | Reached skill level 16 in Armour
 68263 | Vaults:3 | Killed Donald
 68803 | Vaults:3 | Reached skill level 8 in Evocations
 68879 | Vaults:3 | Found Booheck's Antique Weapon Boutique.
 68889 | Vaults:3 | Bought a crystal arbalest for 228 gold pieces
 68889 | Vaults:3 | Identified the +5 arbalest of Efool {venom, rF+ rC+} (You
                  | bought it in a shop on level 3 of the Vaults)
 69201 | Vaults:4 | Reached skill level 14 in Shields
 69341 | Vaults:4 | Reached skill level 14 in Maces & Flails
 69357 | Vaults:4 | Found Gozag's Antique Weapon Shoppe.
 69362 | Vaults:4 | Found an opulent altar of Gozag.
 69364 | Vaults:4 | Found Gozag's Antique Armour Shoppe.
 69376 | Vaults:4 | Reached skill level 19 in Earth Magic
 69443 | Vaults:4 | Paralysed by a sphinx for 2 turns
 69445 | Vaults:4 | HP: 38/164 [shadow dragon (8)]
 69920 | Vaults:4 | Reached XP level 26. HP: 156/170 MP: 34/43
 70056 | Vaults:4 | Found Holoez's Assorted Antiques.
 70358 | Vaults:4 | Found Gozag's Antique Weapon Emporium.
 70420 | Vaults:4 | Paralysed by a sphinx for 2 turns
 71271 | Elf:3    | Killed Saint Roka
 71702 | Elf:3    | Found Qierph's Jewellery Shoppe.
 71702 | Elf:3    | Found Viunlut's Gadget Boutique.
 71703 | Elf:3    | Found Tuskueky's Gadget Boutique.
 71861 | Elf:2    | Bought a crystal great mace for 437 gold pieces
 71861 | Elf:2    | Identified the +8 great mace "Yseudawa" {crush, +Fly rC-
                  | MR+} (You bought it in a shop on level 2 of the Elven
                  | Halls)
 72242 | Vaults:4 | Bought the +2 Maxwell's thermic engine {flame, freeze} for
                  | 4400 gold pieces
 72242 | Vaults:4 | Found the +2 Maxwell's thermic engine {flame, freeze}
 72943 | Slime:1  | Entered Level 1 of the Pits of Slime
 72956 | Slime:1  | Reached skill level 9 in Evocations
 72961 | Slime:1  | Reached skill level 1 in Long Blades
 72970 | Slime:1  | Reached skill level 2 in Long Blades
 72970 | Slime:1  | Reached skill level 15 in Dodging
 72997 | Slime:1  | Reached skill level 3 in Long Blades
 73044 | Slime:2  | Reduced skill Staves to level 9
 73125 | Slime:3  | Reached skill level 4 in Long Blades
 73226 | Slime:4  | Reached skill level 19 in Fighting
 73236 | Slime:4  | Reached skill level 5 in Long Blades
 73244 | Slime:4  | Reduced skill Staves to level 8
 73244 | Slime:4  | Reached skill level 6 in Long Blades
 73303 | Slime:4  | Reached skill level 7 in Long Blades
 73343 | Slime:3  | Reduced skill Staves to level 7
 73565 | Slime:5  | Entered Level 5 of the Pits of Slime
 73581 | Slime:5  | Noticed the Royal Jelly
 73589 | Slime:5  | Reached skill level 8 in Long Blades
 73851 | Slime:5  | Found a viscous altar of Jiyva.
 73859 | Slime:5  | Identified the +8 hand crossbow of the Magi {penet, +Inv}
 73891 | Slime:5  | Identified the +7 spear "Gypt" {freeze, rN+ MR+ Dex+4}
 73891 | Slime:5  | Identified the +6 hunting sling of Mourning {freeze, rC++}
 73891 | Slime:5  | Identified the +5 falchion "Boqui" {flame, rPois rC+
                  | Stlth+}
 73891 | Slime:5  | Identified the +5 trident of Extinguishment {venom, Int+3}
 73896 | Slime:5  | Identified the ring "Vowkinyt" {+Fly rN+}
 73956 | Slime:5  | Reached skill level 9 in Long Blades
 74134 | Slime:5  | Gained mutation: Your flesh is heat resistant. (rF+) [a
                  | shining eye]
 74149 | Slime:5  | Reduced skill Staves to level 6
 74189 | Slime:5  | Reached skill level 10 in Long Blades
 74238 | Slime:5  | Killed the Royal Jelly
 74238 | Slime:5  | Reduced skill Staves to level 4
 74238 | Slime:5  | Reached skill level 11 in Long Blades
 74326 | Slime:5  | Identified Bajolalu's Volume of Aid
 74363 | Slime:5  | Got a slimy rune of Zot
 74878 | Depths:3 | Bought the brooch of Shielding {Reflect SH+8} for 2444 gold
                  | pieces
 74878 | Depths:3 | Found the brooch of Shielding {Reflect SH+8}
 74919 | Hell     | Entered the Vestibule of Hell
 74928 | Hell     | Noticed Geryon
 75610 | Depths:1 | Reduced skill Staves to level 2
 75610 | Depths:1 | Reached skill level 12 in Long Blades
 75665 | Hell     | Reduced skill Staves to level 1
 75788 | Hell     | Reduced skill Staves to level 0
 75904 | Depths:1 | Reached skill level 13 in Long Blades
 76399 | Hell     | Reduced skill Stealth to level 7
 76526 | Hell     | Reached XP level 27. HP: 152/176 MP: 43/43
 76597 | Depths:1 | Identified the +2 ring mail "Beudaul" {Int+3 Slay+2} (You
                  | found it on level 1 of the Elven Halls)
 76726 | Hell     | Killed Geryon
 76726 | Hell     | Reduced skill Stealth to level 5
 76726 | Hell     | Reached skill level 14 in Long Blades
 76805 | Hell     | Found a gateway to the ashen valley of Gehenna.
 76885 | Hell     | Found a gateway to the decaying netherworld of Tartarus.
 76952 | Hell     | Found a gateway to the freezing wastes of Cocytus.
 76973 | Hell     | Reduced skill Stealth to level 4
 77035 | Hell     | Found a gateway to the Iron City of Dis.
 77086 | Geh:1    | Entered Level 1 of Gehenna
 77134 | Geh:1    | Reduced skill Stealth to level 3
 77358 | Geh:3    | Reached skill level 15 in Long Blades
 77764 | Geh:4    | Reached skill level 17 in Armour
 77803 | Geh:4    | Reached skill level 15 in Shields
 78171 | Geh:7    | Entered Level 7 of Gehenna
 78454 | Geh:7    | Found the +3 robe of Clouds {+Thunder rCloud rElec}
 78541 | Geh:7    | HP: 43/178 [balrug/divine providence (9)]
 78814 | Geh:7    | Identified the +6 morningstar of the Thoughtful Planets
                  | {freeze, Str+4 Int+4}
 79017 | Tar:1    | Entered Level 1 of Tartarus
 79151 | Tar:2    | Reached skill level 16 in Shields
 79199 | Tar:2    | Reached skill level 20 in Fighting
 79329 | Tar:2    | Reached skill level 18 in Armour
 79341 | Tar:2    | Learned a level 6 spell: Deflect Missiles
 79388 | Tar:2    | Reached skill level 1 in Air Magic
 79442 | Tar:2    | Reached skill level 4 in Charms
 79572 | Tar:3    | Found a huge runed gate.
 79572 | Tar:3    | Found a huge runed gate.
 79572 | Tar:3    | Found a huge runed gate.
 79572 | Tar:3    | Found a huge runed gate.
 79573 | Tar:3    | Found a huge runed gate.
 79573 | Tar:3    | Found a huge runed gate.
 79574 | Tar:3    | Found a huge runed gate.
 79592 | Tar:3    | Reached skill level 2 in Air Magic
 79594 | Tar:3    | Found a huge runed gate.
 79595 | Tar:3    | Found a huge runed gate.
 79790 | Tar:4    | Reached skill level 5 in Charms
 79790 | Tar:4    | Reached skill level 3 in Air Magic
 80022 | Tar:6    | Reached skill level 4 in Air Magic
 80057 | Tar:7    | Entered Level 7 of Tartarus
 80067 | Tar:7    | Reached skill level 6 in Charms
 80329 | Tar:7    | Noticed an ancient lich
 80354 | Tar:7    | Killed an ancient lich
 80354 | Tar:7    | Reached skill level 5 in Air Magic
 80354 | Tar:7    | HP: 43/179 [Tzitzimitl/bolt of cold (18)]
 80551 | Depths:4 | Voluntarily entered the Abyss.
 80551 | Abyss:1  | Found a corrupted altar of Lugonu.
 80803 | Abyss:3  | Reached skill level 7 in Charms
 80903 | Abyss:3  | Reduced skill Maces & Flails to level 13
 80935 | Abyss:3  | Found a glowing golden altar of the Shining One.
 81025 | Abyss:3  | Reached skill level 6 in Air Magic
 81054 | Abyss:3  | Reduced skill Maces & Flails to level 12
 81054 | Abyss:3  | Reached skill level 19 in Armour
 81117 | Abyss:3  | Reached skill level 8 in Charms
 81155 | Abyss:3  | Found a glowing golden altar of the Shining One.
 81226 | Abyss:3  | Reduced skill Maces & Flails to level 11
 81234 | Abyss:3  | Noticed a juggernaut
 81243 | Abyss:3  | Killed a juggernaut
 81247 | Abyss:3  | Got an abyssal rune of Zot
 81282 | Abyss:3  | Reached skill level 20 in Armour
 81297 | Abyss:3  | Reduced skill Maces & Flails to level 10
 81346 | Abyss:3  | Paralysed by accursed screaming for 1 turns
 81347 | Abyss:3  | HP: 39/179 [rakshasa/+0 whip (6)]
 81367 | Abyss:3  | Reached skill level 16 in Dodging
 81375 | Abyss:3  | Found a corrupted altar of Lugonu.
 81421 | Depths:4 | Escaped the Abyss
 81436 | Depths:4 | Learned a level 5 spell: Alistair's Intoxication
 81494 | Coc:1    | Entered Level 1 of Cocytus
 81506 | Coc:1    | Reached skill level 1 in Poison Magic
 81619 | Coc:2    | Reached skill level 2 in Poison Magic
 82047 | Vaults:5 | Entered Level 5 of the Vaults
 82570 | Vaults:4 | Reached skill level 17 in Shields
 82891 | Vaults:4 | Reached skill level 21 in Armour
 83080 | Vaults:5 | Reached skill level 21 in Fighting
 83246 | Vaults:5 | Identified the +2 cloak of Tender Moments {*Drain rC-
                  | Regen+ MP+9}
 83251 | Vaults:5 | Got a silver rune of Zot
 83940 | Vaults:5 | Identified the +1 hand axe of Pegu {chop, rN+ MR+}
 84012 | Vaults:5 | Identified the +3 hand axe of Eternal War {drain, SInv}
 84164 | Vaults:5 | Identified the +0 plate armour "Jaute" {rC+ Int+7}
 84588 | Zig:1    | Entered Level 1 of a ziggurat
 84606 | Zig:2    | Entered Level 2 of a ziggurat
 84646 | Zig:3    | Entered Level 3 of a ziggurat
 84659 | Zig:3    | Reached skill level 17 in Dodging
 84689 | Zig:4    | Entered Level 4 of a ziggurat
 84692 | Zig:4    | Identified the +5 ring mail of Kyjer {rN++}
 84698 | Zig:4    | Gained mutation: Your spells are a little easier to cast,
                  | but a little less powerful. [a shining eye]
 84719 | Zig:4    | Identified the cursed +1 hat "Fuopein" {rPois rC+ Str+5}
                  | (You acquired it on level 4 of a ziggurat)
 84832 | Zig:5    | Entered Level 5 of a ziggurat
 84832 | Zig:5    | Noticed an ancient lich
 84834 | Zig:5    | Identified the +5 scimitar of Pyrpheone {freeze, *Corrode
                  | +Fly Dex+6}
 84847 | Zig:5    | Killed an ancient lich
 84862 | Zig:5    | Identified Athrel's Reference Book on the Cloudy Voyage
 84931 | Zig:6    | Entered Level 6 of a ziggurat
 84934 | Zig:6    | Identified the +7 whip "Ihaepu" {pain, *Corrode rElec
                  | Dex+6}
 84936 | Zig:6    | Found the +4 skin of Zhor {Hibernate rC+++ SInv}
 84952 | Zig:6    | Reached skill level 18 in Shields
 84990 | Zig:7    | Entered Level 7 of a ziggurat
 84993 | Zig:7    | Identified the +4 ring mail of Ymexku {MR+}
 84995 | Zig:7    | Identified the ring "Finuegal" {rElec rPois rC- Int+5}
 85076 | Zig:8    | Entered Level 8 of a ziggurat
 85080 | Zig:8    | Identified the +3 spear "Qish" {pain, rF+ rN+ Dex+4}
 85081 | Zig:8    | Identified the ring "Bufreav" {rF+ Str+2}
 85083 | Zig:8    | Identified the amulet "Leed Jopt" {Harm *Drain Int+4 Slay-2
                  | Stlth+}
 85128 | Zig:8    | Reached skill level 22 in Fighting
 85148 | Zig:9    | Entered Level 9 of a ziggurat
 85153 | Zig:9    | Noticed Puziteh the pandemonium lord
 85154 | Zig:9    | Noticed Kasomegi the pandemonium lord
 85169 | Zig:9    | Killed Puziteh the pandemonium lord
 85176 | Zig:9    | Killed Kasomegi the pandemonium lord
 85199 | Zig:9    | Identified the ring of Zeg Kabo {*Tele *Corrode rPois Dex+8
                  | Stlth+}
 85241 | Zig:10   | Entered Level 10 of a ziggurat
 85293 | Zig:10   | Identified the +2 cloak of Winter {rElec Str+4}
 85314 | Zig:10   | Identified the Grimoire of the Mountains and Poison
 85336 | Zig:11   | Entered Level 11 of a ziggurat
 85345 | Zig:11   | Noticed a juggernaut
 85346 | Zig:11   | Noticed a juggernaut
 85379 | Zig:11   | Killed a juggernaut
 85379 | Zig:11   | Reached skill level 22 in Armour
 85380 | Zig:11   | HP: 40/185 [juggernaut (40)]
 85385 | Zig:11   | HP: 39/185 [titan (5)]
 85392 | Zig:11   | Killed a juggernaut
 85395 | Zig:11   | HP: 45/186 [titan (21)]
 85428 | Zig:11   | Identified the amulet "Teun Axi" {Acrobat rN++ MR-}
 85688 | Zig:12   | Entered Level 12 of a ziggurat
 85745 | Zig:12   | Reached skill level 19 in Shields
 85781 | Zig:12   | Identified Ruad's Catalogue of the Voyage
 85783 | Zig:12   | Identified the Guide on Freezing Flight
 85804 | Zig:13   | Entered Level 13 of a ziggurat
 85833 | Zig:13   | Noticed Kuthraruq the pandemonium lord
 85846 | Zig:13   | Killed Kuthraruq the pandemonium lord
 85877 | Zig:13   | HP: 39/186 [monstrous corrupter (10)]
 85887 | Zig:13   | Reached skill level 23 in Armour
 85898 | Zig:13   | HP: 45/186 [ancient champion/+1 great mace of draining[an
                  | infernal corrupter] (15)]
 85903 | Zig:13   | HP: 34/186 [merfolk javelineer/+0 spear of pain[an infernal
                  | corrupter] (6)]
 85910 | Zig:13   | HP: 43/186 [torturous black sun/+0 morningstar (10)]
 85914 | Zig:13   | HP: 18/186 [acid[an infernal corrupter] (13)]
 85920 | Zig:13   | HP: 37/186 [acid[an infernal corrupter] (11)]
 85925 | Zig:13   | HP: 26/186 [balrug/divine providence (14)]
 85931 | Zig:13   | HP: 18/186 [balrug/divine providence (17)]
 85973 | Zig:13   | Found the +8 demon trident "Rift" {distort, reach+}
 86050 | Zig:13   | Reached skill level 24 in Armour
 86088 | Depths:1 | Upgraded the game from 0.24-a0-530-g18ba70b5 to
                  | 0.24-a0-535-gbb0d440
 86121 | Dis:1    | Entered Level 1 of the Iron City of Dis
 86338 | Dis:1    | Reduced skill Maces & Flails to level 9
 86487 | Dis:1    | Gained mutation: Scrolls take you a little longer to read.
                  | [a cacodemon]
 86519 | Dis:1    | Reduced skill Maces & Flails to level 8
 86582 | Dis:1    | Reached skill level 16 in Long Blades
 86717 | Dis:2    | Reduced skill Maces & Flails to level 7
 87003 | D:9      | Bought the +1 cloak of Plasticity {Regen+ rCorr Dex-4 SInv}
                  | for 196 gold pieces
 87118 | D:4      | Fell from the grace of Ashenzari
 87118 | D:4      | Became a worshipper of the Shining One
 87442 | Zot:1    | Entered Level 1 of the Realm of Zot
 87442 | Zot:1    | Found a transporter.
 87544 | Zot:1    | Reached skill level 1 in Invocations
 87671 | Zot:2    | Reached skill level 2 in Invocations
 87735 | Zot:2    | Reached skill level 3 in Invocations
 87900 | Zot:1    | Reached skill level 4 in Invocations
 88521 | Tomb:1   | Entered Level 1 of the Tomb of the Ancients
 88539 | Tomb:1   | Reached * piety under the Shining One
 88631 | Tomb:1   | Reached ** piety under the Shining One
 88635 | Tomb:1   | Reached skill level 5 in Invocations
 88670 | Tomb:1   | Reached skill level 25 in Armour
 88696 | Tomb:1   | Reached skill level 6 in Invocations
 88887 | Tomb:1   | Reached *** piety under the Shining One
 89031 | Tomb:1   | Noticed a greater mummy
 89040 | Tomb:1   | Reached **** piety under the Shining One
 89211 | Tomb:1   | Killed a greater mummy
 89211 | Tomb:1   | Reached skill level 7 in Invocations
 89354 | Tomb:1   | Noticed a greater mummy
 89476 | Tomb:1   | Killed a greater mummy
 89619 | Tomb:1   | Reached skill level 8 in Invocations
 89841 | Tomb:1   | Reached skill level 17 in Long Blades
 89937 | Tomb:1   | Reached ***** piety under the Shining One
 90280 | Tomb:2   | Noticed a greater mummy
 90280 | Tomb:2   | Noticed an ancient lich
 90280 | Tomb:2   | Noticed a greater mummy
 90280 | Tomb:2   | Noticed a greater mummy
 90290 | Tomb:2   | HP: 45/186 [skeletal warrior/+0 glaive (3)]
 91058 | Dis:1    | Reached ****** piety under the Shining One
 91476 | Dis:1    | Reached skill level 9 in Invocations
 91684 | Dis:1    | Reached skill level 10 in Invocations
 91958 | Dis:2    | Reached skill level 11 in Invocations
 91977 | Dis:2    | HP: 39/186 [Hell Sentinel's spines[the effects of Hell]
                  | (8)]
 92250 | Dis:2    | Reached skill level 12 in Invocations
 92451 | Dis:2    | Reached skill level 13 in Invocations
 93309 | Dis:3    | Paralysed by an eldritch tentacle for 3 turns
 94026 | Dis:5    | Reached skill level 18 in Dodging
 94473 | Dis:4    | Reached skill level 14 in Invocations
 94667 | Zot:1    | Found a transporter.
 94689 | Zot:1    | Paralysed by the power of Zot for 4 turns
 94717 | Zot:1    | Reached skill level 23 in Fighting
 94899 | Zot:1    | Identified the ring of Demons {Wiz rPois Str+2 Dex-4
                  | Stlth+} (You found it on level 1 of the Realm of Zot)
 95113 | Zot:1    | HP: 35/188 [quicksilver dragon (23)]
 95114 | Zot:1    | HP: 17/188 [tentacled monstrosity (6)]
 95115 | Zot:1    | HP: 1/188 [storm dragon (9)]
 95115 | Zot:1    | Slain by a tentacled monstrosity

Levels and vault maps discovered:
D:1:      dpeg_arrival_refuge, layout_rooms
D:2:      minmay_general_purpose_star, layout_loops_ring,
          trog_three_pillars_becter
D:3:      layout_rooms, gammafunk_temple_overflow_elements,
          uniq_crazy_yiuf_cottage, uniq_sigmund
D:4:      layout_cave_pods, temple_statues, nicolae_tso_besieged_by_evil
D:5:      layout_layer_cave, kennysheep_mini_moat, marbit_many_paths,
          grunt_temple_overflow_open, first_ration, kennysheep_nondescript,
          minivault_23
D:6:      layout_cave_pods, grunt_temple_overflow_lords_of_destruction,
          grunt_decor_mini_mirrors, uniq_edmund
D:7:      layout_basic, old_standard_altar
D:8:      cheibrodos_quashed, layout_layer_cave,
          nicolae_dithmenos_through_a_glass_darkly
D:9:      layout_cave_pools, orc_david_3
D:10:     layout_rooms, serial_shops, nicolae_shop_waterfront, hangedman_ranch
          [blue_anna_fruit_fields], st_stairs_8, minivault_5
D:11:     layout_basic, dpeg_lair_monsters, serial_shops, shop,
          kennysheep_generic_room_14
D:12:     minmay_tri_stars, layout_stronghold, minmay_guarded_unrand_curses,
          uniq_fannar
D:13:     layout_basic
D:14:     layout_long_grid, grunt_vaults_entry_fortified
D:15:     grunt_enter_depths_snipers, layout_basic, hangedman_decor_cross_pass,
          corexii_hall_statues_i, chequers_hall_statues_wall_a,
          minmay_misc_feat_iff, chequers_arboretum, glass_columns_b, uniq_nessos
Temple:   minmay_temple_curvy_loop
Lair:1:   layout_gridlike, infiniplex_staircase_pool, lemuel_fruit_fields
Lair:2:   layout_small_grid, swamp_mist_pool, dummy_spider_entry,
          minmay_lindwurm_lava
Lair:3:   layout_hall_layers, fungi_pond_lemuel, serial_bayou_pond_b,
          st_stairs_13, minmay_lair_oklob_chamber, uniq_gastronok, uniq_snorg
Lair:4:   layout_small_grid, ice2_lemuel
Lair:5:   layout_small_grid, nicolae_volcano_entry_two_sided
Lair:6:   hangedman_lair_tendril_chambers, layout_big_grid,
          minmay_slime_entry_oklob_enclosed, eino_house_with_fridge,
          serial_bayou_shore_b
Swamp:1:  gammafunk_its_a_trap, layout_falls_marsh, evilmike_swamp_ruin_house_5
Swamp:2:  layout_basic_swamp, serial_swamp_ruin, evilmike_swamp_ruin_house_1,
          evilmike_swamp_ruin_house_6
Swamp:3:  layout_basic_swamp, nicolae_swamp_stair_fork, swamp_pool4,
          roderic_carrion_pond, uniq_nikola
Swamp:4:  swamp_old_school, layout_basic_swamp
Spider:1: layout_spider_delve, uniq_rupert, uniq_frances
Spider:2: layout_spider_delve, drop_trap
Spider:3: layout_spider_delve, uniq_arachne, uniq_aizul, uniq_jorgrun
Spider:4: guppyfry_spider_rune, drop_trap, spiders_nest_ghost_moth_duel
Slime:1:  layout_caves
Slime:2:  layout_caves
Slime:3:  layout_caves
Slime:4:  layout_caves
Slime:5
Orc:1:    layout_caves, basic_altar, mines2_lemuel
Orc:2:    st_orc_town, layout_caves, ebering_ghost_reflecting_pool,
          uniq_josephine, uniq_urug
Elf:1:    eino_elf_arrival_customs, layout_onion_city,
          minmay_elf_crystal_heptagon, uniq_roxanne
Elf:2:    layout_rooms, serial_shops, shop, nicolae_trove_entry_columns,
          lemuel_statue_altar
Elf:3:    grunt_elf_hall_asides, layout_onion_city, basic_altar,
          minmay_shop_grove, uniq_saint_roka
Vaults:1: advil_vaults_ghost_guards, vaults_dpeg_encased_lava,
          nicolae_vaults_three_branches, st_octagons_2, v_misc_27, v_misc_14,
          nicolae_vaults_specimen_jars, ontoclasm_vaults_ring_small,
          layout_vaults_quadrants, serial_shops, nicolae_shop_waterfront
Vaults:2: minmay_crypt_entry_simple_corners, hangedman_vaults_slice, v_misc_25,
          v_misc_11, v_misc_1, grunt_vaults_funnel, vaults_dpeg_doors,
          nicolae_vaults_network_square, v_misc_9, ontoclasm_vaults_shuriken,
          nicolae_vaults_asterisk, vaults_room_stairs_pillars, v_alt_pattern_3,
          layout_vaults_omnibox, serial_shops, shop_statue
Vaults:3: ontoclasm_vaults_eye, v_misc_8, v_misc_14,
          ontoclasm_vaults_ring_square, hangedman_vaults_snaps, kb_rosetta,
          ontoclasm_vaults_ligature, nicolae_vaults_network_quinsquares
          [nicolae_vaults_network_quincunx_subvault,
          nicolae_vaults_network_quincunx_subvault,
          nicolae_vaults_network_quincunx_subvault,
          nicolae_vaults_network_quincunx_subvault],
          nicolae_vaults_circle_grid_b, ontoclasm_vaults_decontamination,
          layout_vaults_omnicross, serial_shops, shop_statue, uniq_mara,
          uniq_xtahua, uniq_donald
Vaults:4: vaults_mumra_hexcomb, kennysheep_vaults_gozag_temple, v_misc_22,
          v_misc_25, nicolae_vaults_back_hallway, vaults_room_octagon,
          vaults_mumra_lcd, nicolae_vaults_mini_display_case, v_misc_29,
          hangedman_vaults_restitches, nicolae_vaults_yaktaur_gun_rack,
          ontoclasm_vaults_tryst, layout_vaults_maze, serial_shops,
          nicolae_shop_waterfront
Vaults:5
Crypt:1:  layout_chaotic_city, grunt_crypt_arrival_split
Crypt:2:  layout_regular_city
Crypt:3:  evilmike_haunted_forest
Tomb:1
Tomb:2
Depths:1: layout_gridlike, enter_ziggurat_b, hell_entry, pan_entry,
          minmay_misc_feat_doors, kennysheep_cross_bottleneck, sword_in_stone,
          minmay_shoptagon
Depths:2: evilmike_marble_ring, layout_cave_pools, minmay_misc_feat_encased,
          hell_entry, minmay_staircase_windowed_small, serial_bayou_shore_b,
          grunt_megastairs_1, uniq_sojobo, uniq_enchantress
Depths:3: gammafunk_dig_for_victory, layout_basic, serial_shops, shop_statue,
          pan_entry, serial_co_window_serial, co_window_paths_a,
          co_window_paths_a, co_window_of_opportunity_a, co_window_corner_a,
          co_window_paths_b, co_window_corner_b, co_window_unsneaky_path_d,
          co_window_2corner, glass_columns_a, glass_columns_a, glass_columns_a,
          glass_columns_a, grunt_mini_vestibule, uniq_mennas, uniq_asterion
Depths:4: grated_community_mu [grated_community_mu_vampire_home,
          grated_community_mu_giant_home, grated_community_mu_spellcaster_home,
          grated_community_mu_orcish_home, grated_community_mu_troll_home,
          grated_community_mu_taur_home, grated_community_mu_unbuilt_plot],
          layout_cave_pools, abyss_entry_flame_altar, minmay_staircase_bubble,
          serial_shops, shop, pf_hell_entry_great_geh
Depths:5: grunt_twist_and_shout, layout_cave_pools, serial_column_ruins,
          column_ruins_grid_5, column_ruins_hut, column_ruins_grid_3,
          column_ruins_columns_straight, column_ruins_grid_2,
          column_ruins_columns_dead_end, kennysheep_pointless_box, hell_entry,
          hangedman_abyss_or_decor_clamps, chequers_decorated_corner, uniq_jory
Hell
Dis:1:    layout_subdivisions
Dis:2:    layout_overlapping_boxes
Dis:3:    layout_chaotic_city, hangedman_dis_decor_tower
Dis:4:    layout_regular_city
Dis:5:    hangedman_dis_monolith, layout_chaotic_city
Geh:1:    layout_gehenna_lava_caves
Geh:2:    layout_gehenna_lava_caves
Geh:3:    layout_gehenna_lava_caves, gehenna_fire_generator
Geh:4:    layout_gehenna_pools_basic
Geh:5:    layout_gehenna_pools_basic
Geh:6:    layout_gehenna_pools_basic, evilmike_ambush
          [evilmike_ambush_outer_basic, evilmike_ambush_inner_pond]
Geh:7:    geh_grunt
Coc:1:    layout_cocytus_water_paths
Coc:2:    layout_cocytus_water_paths
Coc:3:    layout_cocytus_water_paths
Tar:1:    layout_cathedral_of_symmetry, hangedman_restless_catacombs
Tar:2:    layout_grid_maze
Tar:3:    layout_cathedral_of_symmetry, door_vault
Tar:4:    layout_grid_maze
Tar:5:    layout_honeycomb
Tar:6:    layout_honeycomb, nicolae_tar_cuneiform_two
Tar:7:    tar_old
Zot:1:    gammafunk_sealed_arena, layout_basic, st_stairs_14
Zot:2:    layout_gridlike, hangedman_elemental_grid_stream
Zot:3:    layout_basic

Skill      XL: |  1  2  3  4  5  6  7  8  9 10 11 12 13 14 15 16 17 18 19 20 21 22 23 24 25 26 27 |
---------------+----------------------------------------------------------------------------------+-----
Earth Magic    | 4 5 6 7 8 9 10 11 12 13 14 15 16 17 18 19 | 19.3
Conjurations   | 1 2 4 |  4.4
Spellcasting   | 3 4 5 6 7 8 9 11 14 15 16 | 16.8
Transmutations | 1 3 4 5 |  5.7
Fighting       | 3 5 6 7 9 10 11 12 13 14 16 17 18 19 23 | 23.0
Stealth        | 4 5 6 7 8 9 11 12 13 14 15 8 7 3 |  3.5
Dodging        | 2 4 6 7 8 9 10 11 12 13 14 15 18 | 18.1
Armour         | 2 4 5 7 8 9 10 11 13 14 15 16 25 | 25.3
Evocations     | 2 3 4 5 6 8 9 |  9.0
Staves         | 2 3 5 6 7 9 10 0 |  0.0
Charms         | 1 3 8 |  8.4
Necromancy     | 2 |  2.9
Shields        | 12 13 14 19 | 19.6
Maces & Flails | 10 12 13 14 7 |  7.5
Long Blades    | 13 17 | 17.8
Air Magic      | 6 |  6.8
Poison Magic   | 2 |  2.2
Invocations    | 14 | 14.2

Action                   |  1- 3 |  4- 6 |  7- 9 | 10-12 | 13-15 | 16-18 | 19-21 | 22-24 | 25-27 || total
-------------------------+-------+-------+-------+-------+-------+-------+-------+-------+-------++-------
Melee: Unarmed           |    24 |       |       |       |       |       |       |       |       ||    24
       Club              |    82 |    55 |       |       |       |       |       |       |       ||   137
       Halberd           |       |    39 |    53 |       |       |       |       |       |       ||    92
       Quarterstaff      |       |       |       |    13 |       |       |       |       |       ||    13
       Staff             |       |       |       |    10 |   360 |   303 |   220 |       |       ||   893
       Morningstar       |       |       |       |       |       |       |   246 |  1393 |  1588 ||  3227
       Double sword      |       |       |       |       |       |       |       |       |  4843 ||  4843
Throw: Stone             |     1 |       |       |       |     2 |     3 |     1 |       |       ||     7
 Cast: Sandblast         |    35 |    65 |    11 |     5 |     5 |       |     1 |       |       ||   122
       Stone Arrow       |       |    27 |   179 |   186 |   155 |    17 |       |       |       ||   564
       Sticks to Snakes  |       |       |    22 |    25 |     4 |       |       |       |       ||    51
       Lee's Rapid Decon |       |       |     6 |   136 |   259 |   248 |   289 |   341 |   185 ||  1464
       Petrify           |       |       |       |    16 |    36 |     5 |    11 |    10 |     4 ||    82
       Regeneration      |       |       |       |     2 |    16 |    13 |    32 |    32 |   158 ||   253
       Iron Shot         |       |       |       |       |    87 |   251 |   149 |   238 |   133 ||   858
       Passwall          |       |       |       |       |       |       |     4 |       |       ||     4
       Leda's Liquefacti |       |       |       |       |       |       |       |     1 |       ||     1
       Song of Slaying   |       |       |       |       |       |       |       |       |    20 ||    20
       Deflect Missiles  |       |       |       |       |       |       |       |       |     8 ||     8
       Alistair's Intoxi |       |       |       |       |       |       |       |       |     2 ||     2
       Conjure Flame     |       |       |       |       |       |       |       |       |     1 ||     1
Invok: Curse Item        |       |     1 |     1 |     3 |       |     3 |     1 |     2 |     5 ||    16
       Transfer Knowledg |       |       |       |       |       |       |     2 |       |     6 ||     8
 Abil: Fly               |       |       |       |       |     3 |     1 |       |     2 |     2 ||     8
       Stop Flying       |       |       |       |       |     2 |     1 |     1 |     1 |     2 ||     7
Evoke: Wand              |       |       |     2 |     1 |     6 |       |    10 |     3 |     4 ||    26
  Use: Scroll            |       |     8 |     2 |       |     6 |    11 |     4 |     5 |    25 ||    61
       Potion            |       |       |       |       |     1 |     1 |     4 |       |    39 ||    45
 Stab: Sleeping          |       |     3 |       |       |       |     5 |     6 |     3 |     2 ||    19
       Paralysed         |       |       |     2 |       |       |       |       |       |       ||     2
       Petrified         |       |       |       |       |    23 |       |     5 |       |    10 ||    38
       Distracted        |       |       |       |       |     3 |       |     3 |     1 |       ||     7
       Petrifying        |       |       |       |       |     3 |       |       |       |     1 ||     4
       Confused          |       |       |       |       |       |       |     1 |       |     3 ||     4
       Held in net/web   |       |       |       |       |       |       |       |       |     3 ||     3
       Fleeing           |       |       |       |       |       |       |       |       |     2 ||     2
  Eat: Chunk             |     3 |    12 |    22 |    34 |    83 |    50 |    42 |    29 |    40 ||   315
       Ration            |       |       |     2 |     7 |     9 |    14 |     4 |    16 |    28 ||    80
Armor: Robe              |    35 |    60 |    51 |    59 |   186 |   234 |   145 |       |       ||   770
       Fire dragon scale |       |       |       |       |       |       |   260 |   516 |  3168 ||  3944
Dodge: Dodged            |    80 |   117 |    66 |    64 |   235 |   355 |   611 |  1006 |  4564 ||  7098
       Deflected         |       |       |       |       |       |       |       |       |    84 ||    84
Block: Shield            |       |       |       |       |       |       |   168 |   988 |  7803 ||  8959
       Reflection        |       |       |       |       |       |       |     7 |    29 |   171 ||   207
       Rpst.: Double sword |       |       |       |       |       |       |       |       |   533 ||   533

Table legend:
 A = Non-vault XP
 B = Vault XP
 C = Vault XP percentage of total XP
 D = Non-vault monster count
 E = Vault monster count
 F = Vault count percentage of total count
                 A         B        C        D         E       F
            +---------+---------+-------+---------+---------+-------
      Total | 1373393 |  851432 |  38.3 |    2620 |     982 |  27.3
            +---------+---------+-------+---------+---------+-------
        D:1 |      38 |       0 |   0.0 |      20 |       0 |   0.0
        D:2 |     206 |      16 |   7.2 |      33 |       3 |   8.3
        D:3 |     189 |      41 |  17.8 |      31 |       1 |   3.1
        D:4 |     824 |      57 |   6.5 |      28 |      10 |  26.3
        D:5 |     412 |       5 |   1.2 |      10 |       1 |   9.1
        D:6 |    1118 |     149 |  11.8 |      26 |       2 |   7.1
        D:7 |    1049 |       0 |   0.0 |      15 |       0 |   0.0
        D:8 |    1202 |       0 |   0.0 |      15 |       0 |   0.0
        D:9 |    1399 |       6 |   0.4 |      11 |       2 |  15.4
       D:10 |    2156 |    2208 |  50.6 |      29 |       9 |  23.7
       D:11 |    1494 |    3375 |  69.3 |      20 |      12 |  37.5
       D:12 |    7871 |   12276 |  60.9 |      43 |      24 |  35.8
       D:13 |    3779 |       0 |   0.0 |      15 |       0 |   0.0
       D:14 |    6617 |    7424 |  52.9 |      28 |      10 |  26.3
       D:15 |   12734 |    3660 |  22.3 |      33 |       4 |  10.8
     Lair:1 |    2982 |       0 |   0.0 |      15 |       0 |   0.0
     Lair:2 |    5883 |    2511 |  29.9 |      26 |       4 |  13.3
     Lair:3 |    3201 |    7077 |  68.9 |      16 |      13 |  44.8
     Lair:4 |    7974 |    1728 |  17.8 |      28 |       9 |  24.3
     Lair:5 |    3463 |     225 |   6.1 |      17 |       1 |   5.6
     Lair:6 |    5833 |   11299 |  66.0 |      27 |      47 |  63.5
    Swamp:1 |   18745 |    2693 |  12.6 |      48 |       5 |   9.4
    Swamp:2 |   13847 |       0 |   0.0 |      39 |       0 |   0.0
    Swamp:3 |   15495 |    4568 |  22.8 |      30 |       5 |  14.3
    Swamp:4 |    5448 |   15310 |  73.8 |      19 |      25 |  56.8
   Spider:1 |   17111 |    5155 |  23.2 |      47 |       2 |   4.1
   Spider:2 |   16646 |    1522 |   8.4 |      39 |       1 |   2.5
   Spider:3 |    8612 |    6777 |  44.0 |      18 |       2 |  10.0
   Spider:4 |   23070 |   28623 |  55.4 |      53 |      45 |  45.9
    Slime:1 |    5615 |       0 |   0.0 |      11 |       0 |   0.0
    Slime:2 |    2903 |       0 |   0.0 |       3 |       0 |   0.0
    Slime:3 |   10091 |       0 |   0.0 |       9 |       0 |   0.0
    Slime:4 |   13109 |       0 |   0.0 |      11 |       0 |   0.0
    Slime:5 |   10961 |   28450 |  72.2 |      23 |      11 |  32.4
      Orc:1 |    6503 |     591 |   8.3 |      33 |       3 |   8.3
      Orc:2 |    2310 |    9851 |  81.0 |      25 |      61 |  70.9
      Elf:1 |   21008 |    8971 |  29.9 |      38 |      13 |  25.5
      Elf:2 |    9382 |    4409 |  32.0 |      16 |       3 |  15.8
      Elf:3 |   14652 |   49483 |  77.2 |      27 |      42 |  60.9
   Vaults:1 |   36905 |   26000 |  41.3 |      77 |      21 |  21.4
   Vaults:2 |   39288 |   17929 |  31.3 |      79 |      27 |  25.5
   Vaults:3 |   41512 |   27641 |  40.0 |      57 |      19 |  25.0
   Vaults:4 |   89504 |  106650 |  54.4 |     112 |      85 |  43.1
   Vaults:5 |   13321 |   43921 |  76.7 |      22 |      31 |  58.5
    Crypt:1 |   32162 |       0 |   0.0 |      58 |       0 |   0.0
    Crypt:2 |   26009 |    8448 |  24.5 |      33 |       2 |   5.7
    Crypt:3 |       0 |   60263 | 100.0 |       0 |     103 | 100.0
     Tomb:1 |   14179 |   57962 |  80.3 |      36 |      39 |  52.0
   Depths:1 |   18782 |   24488 |  56.6 |      21 |      19 |  47.5
   Depths:2 |   32823 |   39868 |  54.8 |      43 |      36 |  45.6
   Depths:3 |   63703 |   46078 |  42.0 |      62 |      30 |  32.6
   Depths:4 |   21333 |   43858 |  67.3 |      22 |      70 |  76.1
   Depths:5 |   22654 |   25654 |  53.1 |      26 |      15 |  36.6
       Hell |   16300 |   11547 |  41.5 |      27 |      20 |  42.6
      Dis:1 |   40013 |       0 |   0.0 |      84 |       0 |   0.0
      Dis:2 |   63220 |       0 |   0.0 |     110 |       0 |   0.0
      Dis:3 |   47588 |       0 |   0.0 |      86 |       0 |   0.0
      Dis:4 |    9121 |       0 |   0.0 |      28 |       0 |   0.0
      Dis:5 |   12787 |   12834 |  50.1 |      23 |      20 |  46.5
      Geh:1 |    6425 |       0 |   0.0 |      12 |       0 |   0.0
      Geh:2 |    9375 |       0 |   0.0 |      20 |       0 |   0.0
      Geh:3 |   16156 |       0 |   0.0 |      38 |       0 |   0.0
      Geh:4 |   37572 |       0 |   0.0 |      73 |       0 |   0.0
      Geh:5 |    6204 |       0 |   0.0 |      25 |       0 |   0.0
      Geh:6 |   12418 |       0 |   0.0 |      29 |       0 |   0.0
      Geh:7 |   21725 |   33147 |  60.4 |      28 |      35 |  55.6
      Coc:1 |    5020 |       0 |   0.0 |      14 |       0 |   0.0
      Coc:2 |    5036 |       0 |   0.0 |      12 |       0 |   0.0
      Coc:3 |    6518 |       0 |   0.0 |      10 |       0 |   0.0
      Tar:1 |     339 |   14564 |  97.7 |       2 |      18 |  90.0
      Tar:2 |   25697 |       0 |   0.0 |      51 |       0 |   0.0
      Tar:3 |    2236 |       0 |   0.0 |       7 |       0 |   0.0
      Tar:4 |   17562 |       0 |   0.0 |      20 |       0 |   0.0
      Tar:5 |     936 |       0 |   0.0 |       4 |       0 |   0.0
      Tar:6 |    7184 |       0 |   0.0 |      16 |       0 |   0.0
      Tar:7 |   13258 |    9634 |  42.1 |      27 |       3 |  10.0
      Zot:1 |   31956 |    4233 |  11.7 |      23 |       5 |  17.9
      Zot:2 |   15637 |       0 |   0.0 |       9 |       0 |   0.0
    Abyss:1 |     931 |       0 |   0.0 |       4 |       0 |   0.0
    Abyss:2 |     991 |       0 |   0.0 |       3 |       0 |   0.0
    Abyss:3 |   35639 |   15932 |  30.9 |      69 |       9 |  11.5
      Zig:1 |    1046 |       0 |   0.0 |       2 |       0 |   0.0
      Zig:2 |    1175 |       0 |   0.0 |       4 |       0 |   0.0
      Zig:3 |    2856 |       0 |   0.0 |       5 |       0 |   0.0
      Zig:4 |    4192 |       0 |   0.0 |       5 |       0 |   0.0
      Zig:5 |    9975 |       0 |   0.0 |       5 |       0 |   0.0
      Zig:6 |   10087 |       0 |   0.0 |       9 |       0 |   0.0
      Zig:7 |    5062 |       0 |   0.0 |      11 |       0 |   0.0
      Zig:8 |   10293 |       0 |   0.0 |      13 |       0 |   0.0
      Zig:9 |   22409 |       0 |   0.0 |      11 |       0 |   0.0
     Zig:10 |   16510 |       0 |   0.0 |      20 |       0 |   0.0
     Zig:11 |   34403 |       0 |   0.0 |      13 |       0 |   0.0
     Zig:12 |   22827 |       0 |   0.0 |      25 |       0 |   0.0
     Zig:13 |   26607 |       0 |   0.0 |      20 |       0 |   0.0
    Volcano |       0 |    2321 | 100.0 |       0 |       5 | 100.0
            +---------+---------+-------+---------+---------+-------

Levels and vault maps discovered:
D:1:      dpeg_arrival_refuge, layout_rooms
D:2:      minmay_general_purpose_star, layout_loops_ring,
          trog_three_pillars_becter
D:3:      layout_rooms, gammafunk_temple_overflow_elements,
          uniq_crazy_yiuf_cottage, uniq_sigmund
D:4:      layout_cave_pods, temple_statues, nicolae_tso_besieged_by_evil
D:5:      layout_layer_cave, kennysheep_mini_moat, marbit_many_paths,
          grunt_temple_overflow_open, first_ration, kennysheep_nondescript,
          minivault_23
D:6:      layout_cave_pods, grunt_temple_overflow_lords_of_destruction,
          grunt_decor_mini_mirrors, uniq_edmund
D:7:      layout_basic, old_standard_altar
D:8:      cheibrodos_quashed, layout_layer_cave,
          nicolae_dithmenos_through_a_glass_darkly
D:9:      layout_cave_pools, orc_david_3
D:10:     layout_rooms, serial_shops, nicolae_shop_waterfront, hangedman_ranch
          [blue_anna_fruit_fields], st_stairs_8, minivault_5
D:11:     layout_basic, dpeg_lair_monsters, serial_shops, shop,
          kennysheep_generic_room_14
D:12:     minmay_tri_stars, layout_stronghold, minmay_guarded_unrand_curses,
          uniq_fannar
D:13:     layout_basic
D:14:     layout_long_grid, grunt_vaults_entry_fortified
D:15:     grunt_enter_depths_snipers, layout_basic, hangedman_decor_cross_pass,
          corexii_hall_statues_i, chequers_hall_statues_wall_a,
          minmay_misc_feat_iff, chequers_arboretum, glass_columns_b, uniq_nessos
Temple:   minmay_temple_curvy_loop
Lair:1:   layout_gridlike, infiniplex_staircase_pool, lemuel_fruit_fields
Lair:2:   layout_small_grid, swamp_mist_pool, dummy_spider_entry,
          minmay_lindwurm_lava
Lair:3:   layout_hall_layers, fungi_pond_lemuel, serial_bayou_pond_b,
          st_stairs_13, minmay_lair_oklob_chamber, uniq_gastronok, uniq_snorg
Lair:4:   layout_small_grid, ice2_lemuel
Lair:5:   layout_small_grid, nicolae_volcano_entry_two_sided
Lair:6:   hangedman_lair_tendril_chambers, layout_big_grid,
          minmay_slime_entry_oklob_enclosed, eino_house_with_fridge,
          serial_bayou_shore_b
Swamp:1:  gammafunk_its_a_trap, layout_falls_marsh, evilmike_swamp_ruin_house_5
Swamp:2:  layout_basic_swamp, serial_swamp_ruin, evilmike_swamp_ruin_house_1,
          evilmike_swamp_ruin_house_6
Swamp:3:  layout_basic_swamp, nicolae_swamp_stair_fork, swamp_pool4,
          roderic_carrion_pond, uniq_nikola
Swamp:4:  swamp_old_school, layout_basic_swamp
Spider:1: layout_spider_delve, uniq_rupert, uniq_frances
Spider:2: layout_spider_delve, drop_trap
Spider:3: layout_spider_delve, uniq_arachne, uniq_aizul, uniq_jorgrun
Spider:4: guppyfry_spider_rune, drop_trap, spiders_nest_ghost_moth_duel
Slime:1:  layout_caves
Slime:2:  layout_caves
Slime:3:  layout_caves
Slime:4:  layout_caves
Slime:5
Orc:1:    layout_caves, basic_altar, mines2_lemuel
Orc:2:    st_orc_town, layout_caves, ebering_ghost_reflecting_pool,
          uniq_josephine, uniq_urug
Elf:1:    eino_elf_arrival_customs, layout_onion_city,
          minmay_elf_crystal_heptagon, uniq_roxanne
Elf:2:    layout_rooms, serial_shops, shop, nicolae_trove_entry_columns,
          lemuel_statue_altar
Elf:3:    grunt_elf_hall_asides, layout_onion_city, basic_altar,
          minmay_shop_grove, uniq_saint_roka
Vaults:1: advil_vaults_ghost_guards, vaults_dpeg_encased_lava,
          nicolae_vaults_three_branches, st_octagons_2, v_misc_27, v_misc_14,
          nicolae_vaults_specimen_jars, ontoclasm_vaults_ring_small,
          layout_vaults_quadrants, serial_shops, nicolae_shop_waterfront
Vaults:2: minmay_crypt_entry_simple_corners, hangedman_vaults_slice, v_misc_25,
          v_misc_11, v_misc_1, grunt_vaults_funnel, vaults_dpeg_doors,
          nicolae_vaults_network_square, v_misc_9, ontoclasm_vaults_shuriken,
          nicolae_vaults_asterisk, vaults_room_stairs_pillars, v_alt_pattern_3,
          layout_vaults_omnibox, serial_shops, shop_statue
Vaults:3: ontoclasm_vaults_eye, v_misc_8, v_misc_14,
          ontoclasm_vaults_ring_square, hangedman_vaults_snaps, kb_rosetta,
          ontoclasm_vaults_ligature, nicolae_vaults_network_quinsquares
          [nicolae_vaults_network_quincunx_subvault,
          nicolae_vaults_network_quincunx_subvault,
          nicolae_vaults_network_quincunx_subvault,
          nicolae_vaults_network_quincunx_subvault],
          nicolae_vaults_circle_grid_b, ontoclasm_vaults_decontamination,
          layout_vaults_omnicross, serial_shops, shop_statue, uniq_mara,
          uniq_xtahua, uniq_donald
Vaults:4: vaults_mumra_hexcomb, kennysheep_vaults_gozag_temple, v_misc_22,
          v_misc_25, nicolae_vaults_back_hallway, vaults_room_octagon,
          vaults_mumra_lcd, nicolae_vaults_mini_display_case, v_misc_29,
          hangedman_vaults_restitches, nicolae_vaults_yaktaur_gun_rack,
          ontoclasm_vaults_tryst, layout_vaults_maze, serial_shops,
          nicolae_shop_waterfront
Vaults:5
Crypt:1:  layout_chaotic_city, grunt_crypt_arrival_split
Crypt:2:  layout_regular_city
Crypt:3:  evilmike_haunted_forest
Tomb:1
Tomb:2
Depths:1: layout_gridlike, enter_ziggurat_b, hell_entry, pan_entry,
          minmay_misc_feat_doors, kennysheep_cross_bottleneck, sword_in_stone,
          minmay_shoptagon
Depths:2: evilmike_marble_ring, layout_cave_pools, minmay_misc_feat_encased,
          hell_entry, minmay_staircase_windowed_small, serial_bayou_shore_b,
          grunt_megastairs_1, uniq_sojobo, uniq_enchantress
Depths:3: gammafunk_dig_for_victory, layout_basic, serial_shops, shop_statue,
          pan_entry, serial_co_window_serial, co_window_paths_a,
          co_window_paths_a, co_window_of_opportunity_a, co_window_corner_a,
          co_window_paths_b, co_window_corner_b, co_window_unsneaky_path_d,
          co_window_2corner, glass_columns_a, glass_columns_a, glass_columns_a,
          glass_columns_a, grunt_mini_vestibule, uniq_mennas, uniq_asterion
Depths:4: grated_community_mu [grated_community_mu_vampire_home,
          grated_community_mu_giant_home, grated_community_mu_spellcaster_home,
          grated_community_mu_orcish_home, grated_community_mu_troll_home,
          grated_community_mu_taur_home, grated_community_mu_unbuilt_plot],
          layout_cave_pools, abyss_entry_flame_altar, minmay_staircase_bubble,
          serial_shops, shop, pf_hell_entry_great_geh
Depths:5: grunt_twist_and_shout, layout_cave_pools, serial_column_ruins,
          column_ruins_grid_5, column_ruins_hut, column_ruins_grid_3,
          column_ruins_columns_straight, column_ruins_grid_2,
          column_ruins_columns_dead_end, kennysheep_pointless_box, hell_entry,
          hangedman_abyss_or_decor_clamps, chequers_decorated_corner, uniq_jory
Hell
Dis:1:    layout_subdivisions
Dis:2:    layout_overlapping_boxes
Dis:3:    layout_chaotic_city, hangedman_dis_decor_tower
Dis:4:    layout_regular_city
Dis:5:    hangedman_dis_monolith, layout_chaotic_city
Geh:1:    layout_gehenna_lava_caves
Geh:2:    layout_gehenna_lava_caves
Geh:3:    layout_gehenna_lava_caves, gehenna_fire_generator
Geh:4:    layout_gehenna_pools_basic
Geh:5:    layout_gehenna_pools_basic
Geh:6:    layout_gehenna_pools_basic, evilmike_ambush
          [evilmike_ambush_outer_basic, evilmike_ambush_inner_pond]
Geh:7:    geh_grunt
Coc:1:    layout_cocytus_water_paths
Coc:2:    layout_cocytus_water_paths
Coc:3:    layout_cocytus_water_paths
Tar:1:    layout_cathedral_of_symmetry, hangedman_restless_catacombs
Tar:2:    layout_grid_maze
Tar:3:    layout_cathedral_of_symmetry, door_vault
Tar:4:    layout_grid_maze
Tar:5:    layout_honeycomb
Tar:6:    layout_honeycomb, nicolae_tar_cuneiform_two
Tar:7:    tar_old
Zot:1:    gammafunk_sealed_arena, layout_basic, st_stairs_14
Zot:2:    layout_gridlike, hangedman_elemental_grid_stream
Zot:3:    layout_basic

Table legend:
 A = Turns spent in this place as a percentage of turns spent in the entire game.
 B = Non-inter-level travel turns spent in this place as a percentage of non-inter-level travel turns spent in the entire game.
 C = Inter-level travel turns spent in this place as a percentage of turns spent in this place.
 D = Turns resting spent in this place as a percentage of non-inter-level travel turns spent in this place.
 E = Turns spent auto-exploring this place as a percentage of non-inter-level travel turns spent in this place.
 F = Non-inter-level travel turns spent in this place divided by the number of levels of this place that you've seen.
                   A       B       C       D       E      F
               +-------+-------+-------+-------+-------+----------------------
         Total | 100.0 | 100.0 |  12.4 |  19.6 |  28.1 | 841.4
       Dungeon |  23.5 |  22.0 |  18.0 |  18.7 |  40.3 | 1222.0
        Temple |   0.2 |   0.3 |  10.6 |   0.0 |  88.6 | 210.0
          Lair |   9.2 |   8.9 |  14.8 |  19.0 |  40.5 | 1236.3
         Swamp |   4.9 |   5.1 |   8.4 |  21.4 |  26.7 | 1060.8
   Spider Nest |   4.7 |   4.8 |  10.6 |  19.6 |  30.2 | 996.8
    Slime Pits |   1.6 |   1.8 |   2.7 |  18.1 |   0.0 | 304.4
  Orcish Mines |   3.8 |   3.6 |  17.4 |  22.5 |  17.9 | 1488.0
   Elven Halls |   6.6 |   6.7 |   9.9 |  28.8 |  22.7 | 1873.0
        Vaults |  10.9 |  10.8 |  13.3 |  13.1 |  35.7 | 1802.4
         Crypt |   5.9 |   6.0 |  11.1 |  24.5 |  25.4 | 1656.3
          Tomb |   2.1 |   2.2 |   5.8 |  23.0 |   5.4 | 934.5
        Depths |  13.7 |  13.5 |  13.5 |  33.0 |  18.4 | 2256.8
          Hell |   1.1 |   1.1 |  14.0 |  23.0 |  28.3 | 907.0
           Dis |   4.3 |   4.7 |   5.1 |   0.0 |  36.2 | 777.0
       Gehenna |   2.0 |   2.2 |   2.3 |   0.0 |   0.0 | 263.4
       Cocytus |   0.2 |   0.3 |   7.5 |   0.0 |   0.0 |  70.3
      Tartarus |   1.4 |   1.6 |   0.0 |   0.0 |   0.3 | 192.7
           Zot |   1.1 |   1.3 |   2.8 |   0.7 |  33.6 | 348.3
         Abyss |   0.9 |   1.0 |   0.0 |   5.1 |   0.0 | 290.0
      Ziggurat |   1.6 |   1.8 |   0.0 |  29.0 |   0.0 | 113.9
         Trove |   0.1 |   0.1 |   0.0 |   0.0 |   0.0 |  96.0
       Volcano |   0.2 |   0.2 |   0.0 |   0.0 |   0.0 | 175.0
               +-------+-------+-------+-------+-------+----------------------

Table legend:
 A = Kills in this place as a percentage of kills in entire the game.
 B = Kills by you in this place as a percentage of kills by you in the entire game.
 C = Kills by friends in this place as a percentage of kills by friends in the entire game.
 D = Other kills in this place as a percentage of other kills in the entire game.
 E = Experience gained in this place as a percentage of experience gained in the entire game.
 F = Experience gained in this place divided by the number of levels of this place that you have seen.
                   A       B       C       D       E      F
               +-------+-------+-------+-------+-------+----------------------
         Total | 100.0 | 100.0 | 100.0 | 100.0 | 100.0 | 22473.0
       Dungeon |  12.1 |  12.1 | 100.0 |   0.0 |   3.2 | 4687.0
          Lair |   5.6 |   5.7 |   0.0 |   3.6 |   2.3 | 8696.0
         Swamp |   4.7 |   4.8 |   0.0 |   0.0 |   3.4 | 19026.5
   Spider Nest |   5.7 |   5.8 |   0.0 |   0.0 |   4.8 | 26879.0
    Slime Pits |   1.9 |   1.9 |   0.0 |   0.0 |   3.2 | 14225.8
  Orcish Mines |   3.4 |   3.4 |   0.0 |   0.0 |   0.9 | 9627.5
   Elven Halls |   3.9 |   3.9 |   0.0 |   3.6 |   4.9 | 35968.3
        Vaults |  14.7 |  14.4 |   0.0 |  53.6 |  19.9 | 88534.2
         Crypt |   5.4 |   5.5 |   0.0 |   0.0 |   5.7 | 42294.0
          Tomb |   2.1 |   2.1 |   0.0 |   0.0 |   3.2 | 36070.5
        Depths |   9.6 |   9.6 |   0.0 |   0.0 |  15.2 | 67848.2
          Hell |   1.3 |   1.3 |   0.0 |   0.0 |   1.3 | 27847.0
           Dis |   9.7 |   9.8 |   0.0 |   7.1 |   8.3 | 37112.6
       Gehenna |   7.2 |   7.2 |   0.0 |  10.7 |   6.4 | 20431.7
       Cocytus |   1.0 |   1.0 |   0.0 |   0.0 |   0.7 | 5524.7
      Tartarus |   4.1 |   4.1 |   0.0 |   0.0 |   4.1 | 13058.6
           Zot |   1.0 |   1.0 |   0.0 |   0.0 |   2.3 | 17275.3
         Abyss |   2.4 |   2.3 |   0.0 |   7.1 |   2.4 | 17831.0
      Ziggurat |   4.0 |   3.9 |   0.0 |  14.3 |   7.5 | 12880.2
       Volcano |   0.1 |   0.1 |   0.0 |   0.0 |   0.1 | 2321.0
               +-------+-------+-------+-------+-------+----------------------
